Workbook
Name \0: #REF!
Name \A: #N/A
Name \B: #N/A
Name \C: #REF!
Name \d: #REF!
Name \f: #REF!
Name \H: #REF!
Name \I: #REF!
Name \k: #REF!
Name \l: #REF!
Name \P: #REF!
Name \R: #REF!
Name \S: #REF!
Name \U: #REF!
Name \y: #REF!
Name \Z: #REF!
Name ____ipc1: #REF!
Name ____ipc2: #REF!
Name ____ipc3: #REF!
Name ____ipc4: #REF!
Name ____KH170: #REF!
Name ____VS2: #REF!
Name ____VS3: #REF!
Name ___ipc1: #REF!
Name ___ipc2: #REF!
Name ___ipc3: #REF!
Name ___ipc4: #REF!
Name ___KH170: #REF!
Name ___QTY1: #REF!
Name ___VS2: #REF!
Name ___VS3: #REF!
Name __123Graph_A___0: #N/A
Name __123Graph_A___1: #N/A
Name __123Graph_APUBMKT: #N/A
Name __123Graph_APUBMKT___0: #REF!
Name __123Graph_APUBMKT___1: #N/A
Name __123Graph_APVTMKT: #N/A
Name __123Graph_APVTMKT___0: #REF!
Name __123Graph_APVTMKT___1: #N/A
Name __123Graph_ATOTMKT: #N/A
Name __123Graph_ATOTMKT___0: #REF!
Name __123Graph_ATOTMKT___1: #N/A
Name __123Graph_B___0: #N/A
Name __123Graph_B___1: #N/A
Name __123Graph_BPUBMKT: #N/A
Name __123Graph_BPUBMKT___0: #REF!
Name __123Graph_BPUBMKT___1: #N/A
Name __123Graph_BPVTMKT: #N/A
Name __123Graph_BPVTMKT___0: #REF!
Name __123Graph_BPVTMKT___1: #N/A
Name __123Graph_BTOTMKT: #N/A
Name __123Graph_BTOTMKT___0: #REF!
Name __123Graph_BTOTMKT___1: #N/A
Name __123Graph_C___0: #N/A
Name __123Graph_C___1: #N/A
Name __123Graph_CPUBMKT: #N/A
Name __123Graph_CPUBMKT___0: #REF!
Name __123Graph_CPUBMKT___1: #N/A
Name __123Graph_CPVTMKT: #N/A
Name __123Graph_CPVTMKT___0: #REF!

Sheet RESUMEN POR ASPECTO
D4: FLUJO DE CAJA | E4: TOTAL | F4: 2023 | G4: 2024 | H4: 2025
D5: Personal Mínimo requerido | E5: =+SUM(F5:H5) -> #REF! | F5: =+#REF! -> #REF! | G5: =+#REF! -> #REF! | H5: =+#REF! -> #REF!
D6: Gastos Operacionales | E6: =+SUM(F6:H6) -> #REF! | F6: =+#REF! -> #REF! | G6: =+#REF! -> #REF! | H6: =+#REF! -> #REF!
D7: Hardware & Software | E7: =+SUM(F7:H7) -> #REF! | F7: =+#REF! -> #REF! | G7: =+#REF! -> #REF! | H7: =+#REF! -> #REF!
D8: TOTAL COSTOS FIJOS | E8: =+SUM(F8:H8) -> #REF! | F8: =+SUM(F5:F7) -> #REF! | G8: =+SUM(G5:G7) -> #REF! | H8: =+SUM(H5:H7) -> #REF!
D9: Valor visitas | E9: =+SUM(F9:H9) -> #REF! | F9: =+#REF! -> #REF! | G9: =+#REF! -> #REF! | H9: =+#REF! -> #REF!
D10: TOTAL COSTOS VARIABLES (visitas) | E10: =+SUM(F10:H10) -> #REF! | F10: =+F9 -> #REF! | G10: =+G9 -> #REF! | H10: =+H9 -> #REF!
D11: COSTOS FIJOS+VARIABLES | E11: =+SUM(F11:H11) -> #REF! | F11: =+F8+F10 -> #REF! | G11: =+G8+G10 -> #REF! | H11: =+H8+H10 -> #REF!
D12: Utilidad | E12: =+SUM(F12:H12) -> #REF! | F12: =+#REF! -> #REF! | G12: =+#REF! -> #REF! | H12: =+#REF! -> #REF!
D13: IVA | E13: =+SUM(F13:H13) -> #REF! | F13: =+#REF! -> #REF! | G13: =+#REF! -> #REF! | H13: =+#REF! -> #REF!
D14: Imprevistos | E14: =+SUM(F14:H14) -> #REF! | F14: =+#REF! -> #REF! | G14: =+#REF! -> #REF! | H14: =+#REF! -> #REF!
D15: TOTAL | E15: =+SUM(F15:H15) -> #REF! | F15: =+SUM(F11:F14) -> #REF! | G15: =+SUM(G11:G14) -> #REF! | H15: =+SUM(H11:H14) -> #REF!
D18: NÚMERO DE VISITAS: | E18: =+vistec -> #REF!
D21: SUPUESTOS | E21: 2022 | F21: 2023 | G21: 2024 | H21: 2025
E22: IPC
E23: =+#REF!/100 -> #REF! | F23: =+#REF!/100 -> #REF! | G23: =+#REF!/100 -> #REF! | H23: 0.03
E24: SMMLV
F25: =+#REF! -> #REF! | G25: =+#REF! -> #REF! | H25: =+#REF! -> #REF!
D27: PERFIL | E27: Cantidad | F27: Dedicación | G27: Valor 2023 | H27: Valor 2024 | I27: Valor 2025
D28: =+#REF! -> #REF! | E28: =+#REF! -> #REF! | F28: =+#REF! -> #REF! | G28: =+#REF! -> #REF! | H28: =+#REF! -> #REF! | I28: =+#REF! -> #REF!
D29: =+#REF! -> #REF! | E29: =+#REF! -> #REF! | F29: =+#REF! -> #REF! | G29: =+#REF! -> #REF! | H29: =+#REF! -> #REF! | I29: =+#REF! -> #REF!
D30: =+#REF! -> #REF! | E30: =+#REF! -> #REF! | F30: =+#REF! -> #REF! | G30: =+#REF! -> #REF! | H30: =+#REF! -> #REF! | I30: =+#REF! -> #REF!
D31: =+#REF! -> #REF! | E31: =+#REF! -> #REF! | F31: =+#REF! -> #REF! | G31: =+#REF! -> #REF! | H31: =+#REF! -> #REF! | I31: =+#REF! -> #REF!
D32: =+#REF! -> #REF! | E32: =+#REF! -> #REF! | F32: =+#REF! -> #REF! | G32: =+#REF! -> #REF! | H32: =+#REF! -> #REF! | I32: =+#REF! -> #REF!
D33: =+#REF! -> #REF! | E33: =+#REF! -> #REF! | F33: =+#REF! -> #REF! | G33: =+#REF! -> #REF! | H33: =+#REF! -> #REF! | I33: =+#REF! -> #REF!
D34: =+#REF! -> #REF! | E34: =+#REF! -> #REF! | F34: =+#REF! -> #REF! | G34: =+#REF! -> #REF! | H34: =+#REF! -> #REF! | I34: =+#REF! -> #REF!
D35: =+#REF! -> #REF! | E35: =+#REF! -> #REF! | F35: =+#REF! -> #REF! | G35: =+#REF! -> #REF! | H35: =+#REF! -> #REF! | I35: =+#REF! -> #REF!
D36: =+#REF! -> #REF! | E36: =+#REF! -> #REF! | F36: =+#REF! -> #REF! | G36: =+#REF! -> #REF! | H36: =+#REF! -> #REF! | I36: =+#REF! -> #REF!
D37: =+#REF! -> #REF! | E37: =+#REF! -> #REF! | F37: =+#REF! -> #REF! | G37: =+#REF! -> #REF! | H37: =+#REF! -> #REF! | I37: =+#REF! -> #REF!
D38: =+#REF! -> #REF! | E38: =+#REF! -> #REF! | F38: =+#REF! -> #REF! | G38: =+#REF! -> #REF! | H38: =+#REF! -> #REF! | I38: =+#REF! -> #REF!
D39: VALOR MENSUAL | G39: =+SUM(G28:G38) -> #REF! | H39: =+SUM(H28:H38) -> #REF! | I39: =+SUM(I28:I38) -> #REF!
D40: TOTAL | G40: =+#REF! -> #REF! | H40: =+#REF! -> #REF! | I40: =+#REF! -> #REF!
D42: GASTOS OPERACIONALES | E42: VALOR 2023 | F42: VALOR 2024 | G42: VALOR 2025
D43: ENERGÍA | E43: =+#REF! -> #REF! | F43: =+#REF! -> #REF! | G43: =+#REF! -> #REF!
D44: ACUEDUCTO Y ALCANTARILLADO | E44: =+#REF! -> #REF! | F44: =+#REF! -> #REF! | G44: =+#REF! -> #REF!
D45: INTERNET Y TELEFONÍA | E45: =+#REF! -> #REF! | F45: =+#REF! -> #REF! | G45: =+#REF! -> #REF!
D46: ESPACIO REQUERIDO | E46: =+#REF! -> #REF! | F46: =+#REF! -> #REF! | G46: =+#REF! -> #REF!
D47: PAPELERÍA Y SUMINISTROS | E47: =+#REF! -> #REF! | F47: =+#REF! -> #REF! | G47: =+#REF! -> #REF!
D48: TELEFONÍA CELULAR | E48: =+#REF! -> #REF! | F48: =+#REF! -> #REF! | G48: =+#REF! -> #REF!
D49: TOTAL MES | E49: =+ROUND(#REF!/#REF!,0) -> #REF! | F49: =+ROUND(#REF!/#REF!,0) -> #REF! | G49: =+ROUND(#REF!/#REF!,0) -> #REF!
D50: TOTAL ANUAL | E50: =+ROUND(E49*#REF!,0) -> #REF! | F50: =+ROUND(F49*#REF!,0) -> #REF! | G50: =+ROUND(G49*#REF!,0) -> #REF!
D53: VALOR HARDWARWE Y SOFTWARE
D54: VALOR | E54: No Personal | F54: 2023 | G54: 2024 | H54: 2025
D55: VALOR MENSUAL | E55: =+#REF! -> #REF! | F55: =+#REF! -> #REF! | G55: =+#REF! -> #REF! | H55: =+#REF! -> #REF!
D56: VALOR VIGENCIA | F56: =+ROUND(F55*#REF!,0) -> #REF! | G56: =+ROUND(G55*#REF!,0) -> #REF! | H56: =+ROUND(H55*#REF!,0) -> #REF!
D58: VISITAS
D59: VIGENCIA | E59: VALOR VIGENCIA
D60: 2023 | E60: =+F9 -> #REF!
D61: 2024 | E61: =+G9 -> #REF!
D62: 2025 | E62: =+H9 -> #REF!
D63: TOTAL | E63: =+SUM(E60:E62) -> #REF!
D65: DESCUENTO ASOCIADO A CADA PERFIL
D66: PERFIL | E66: SMMLV | F66: $ EN 2023
D67: =+#REF! -> #REF! | E67: =+#REF! -> #REF! | F67: =+#REF! -> #REF!
D68: =+#REF! -> #REF! | E68: =+#REF! -> #REF! | F68: =+#REF! -> #REF!
D69: =+#REF! -> #REF! | E69: =+#REF! -> #REF! | F69: =+#REF! -> #REF!
D70: =+#REF! -> #REF! | E70: =+#REF! -> #REF! | F70: =+#REF! -> #REF!
D71: =+#REF! -> #REF! | E71: =+#REF! -> #REF! | F71: =+#REF! -> #REF!
D72: =+#REF! -> #REF! | E72: =+#REF! -> #REF! | F72: =+#REF! -> #REF!
D73: =+#REF! -> #REF! | E73: =+#REF! -> #REF! | F73: =+#REF! -> #REF!
D74: =+#REF! -> #REF! | E74: =+#REF! -> #REF! | F74: =+#REF! -> #REF!
D75: =+#REF! -> #REF! | E75: =+#REF! -> #REF! | F75: =+#REF! -> #REF!
D76: =+#REF! -> #REF! | E76: =+#REF! -> #REF! | F76: =+#REF! -> #REF!
D77: =+#REF! -> #REF! | E77: =+#REF! -> #REF! | F77: =+#REF! -> #REF!
D78: TOTAL | F78: =+SUM(F67:F77) -> #REF!
D80: DOS REGIÓNES
D81: DIRECTOR GENERAL | E81: 1
D82: DIRECTOR TÉCNICO | E82: 1
D83: DIRECTOR JURIDICO | E83: 1
D84: DIRECTOR ADMINISTRATIVO Y FINANCIERO | E84: 1
D85: PROFESIONAL TÉCNICO | E85: 6
D86: PROFESIONAL ELÉCTRICO | E86: 2
D87: PROFESIONAL ADMINISTRATIVO | E87: 2
D88: PROFESIONAL FINANCIERO | E88: 2
D89: PROFESIONAL DE SISTEMAS DE INFORMACIÓN | E89: 1
D90: PROFESIONAL JURÍDICO | E90: 2
D91: PROFESIONAL CALIDAD | E91: 1
D92: UNA REGIÓN
D93: DIRECTOR GENERAL | E93: 1
D94: DIRECTOR TÉCNICO | E94: 1
D95: DIRECTOR JURIDICO | E95: 1
D96: DIRECTOR ADMINISTRATIVO Y FINANCIERO | E96: 1
D97: PROFESIONAL TÉCNICO | E97: 3
D98: PROFESIONAL ELÉCTRICO | E98: 1
D99: PROFESIONAL ADMINISTRATIVO | E99: 1
D100: PROFESIONAL FINANCIERO | E100: 1
D101: PROFESIONAL DE SISTEMAS DE INFORMACIÓN | E101: 1
D102: PROFESIONAL JURÍDICO | E102: 1
D103: PROFESIONAL CALIDAD | E103: 1
D104: TOTAL | E104: 13
D107: DESCUENTOI POR UNA REGIÓN
D108: PERFIL | E108: CANTIDAD INICIAL | F108: CANTIDAD AJUSTADA | G108: DESCUENTO UNITARIO | H108: DESCUENTO A REALIZAR
D109: =+#REF! -> #REF! | E109: 6 | F109: 3 | G109: 9.74 | H109: =+(E109-F109)*G109 -> 29.22 | I109: SMMLV
D110: =+#REF! -> #REF! | E110: =+E87 -> 2 | F110: =+E99 -> 1 | G110: 9.74 | H110: =+(E110-F110)*G110 -> 9.74 | I110: SMMLV
D111: =+#REF! -> #REF! | E111: =+E88 -> 2 | F111: =+E100 -> 1 | G111: 6.27 | H111: =+(E111-F111)*G111 -> 6.27 | I111: SMMLV
D112: =+#REF! -> #REF! | E112: 2 | F112: =+E101 -> 1 | G112: 6.27 | H112: =+(E112-F112)*G112 -> 6.27 | I112: SMMLV
D113: =+#REF! -> #REF! | E113: 2 | F113: =+E103 -> 1 | G113: 6.27 | H113: =+(E113-F113)*G113 -> 6.27 | I113: SMMLV
D114: TOTAL | E114: =+SUM(E109:E113) -> 14 | F114: =+SUM(F109:F113) -> 7 | G114: =+SUM(G109:G113) -> 38.29 | H114: =+SUM(H109:H113) -> 57.77 | I114: SMMLV

Sheet PERSONAL ACIEM
K1: FACTOR DIRECTOR GENERAL | L1: 0 | M1: 1 | N1: 1 | O1: =+(12+(0*50%))/12 -> 1 | P1: 0.5 | Q1: 0.5 | R1: 0.5 | S1: 0.5 | T1: 0.5 | U1: 0.5 | V1: 0.5 | W1: 0.5 | AA1: 1594929919
A2: ACIEM -> Énfasis en experiencia específica | B2: =+COUNTIF(A5:A24,"*"&"DIRECTOR"&"*") -> 3 | C2: directoresACIEM | L2: =+L4 -> #REF! | M2: =+M4 -> #REF! | N2: =+N4 -> #REF! | O2: =+O4 -> #REF! | P2: =+P4 -> #REF! | Q2: =+Q4 -> #REF! | R2: =+R4 -> #REF! | S2: =+S4 -> #REF! | ... Z2: =+Z4 -> TOTAL | AA2: 760467653 | AD2: DATOS DE PROYECTO
B3: =ROUNDUP(SUMPRODUCT(B5:B24,C5:C24),0) -> 0 | C3: personasACIEM | E3: =ROUNDUP(SUMPRODUCT(B5:B24,C5:C24,E5:E24),0) -> 0 | F3: PCaltoACIEM | K3: PROMEDIO DÍA | L3: =IFERROR(L25/(#REF!*30),0) -> 0 | M3: =IFERROR(M25/(#REF!*30),0) -> 0 | N3: =IFERROR(N25/(#REF!*30),0) -> 0 | O3: =IFERROR(O25/(#REF!*30),0) -> 0 | P3: =IFERROR(P25/(#REF!*30),0) -> 0 | Q3: =IFERROR(Q25/(#REF!*30),0) -> 0 | R3: =IFERROR(R25/(#REF!*30),0) -> 0 | S3: =IFERROR(S25/(#REF!*30),0) -> 0 | ... Y3: =IFERROR(Y25/(#REF!*30),0) -> 0 | AA3: 834462266 | AD3: DATOS EXTERNOS
A4: PERFIL | B4: Cantidad | C4: Dedicación | D4: Categoría ACIEM | E4: Requiere computador de alto desempeño | F4: Experiencia general | G4: Experiencia específica | H4: Base SMMLV | I4: Respon- sabilidad | J4: Factor res-ponsabilidad | K4: Factor prestacional | L4: =+#REF! -> #REF! | M4: =+#REF! -> #REF! | N4: =+#REF! -> #REF! | O4: =+#REF! -> #REF! | P4: =+#REF! -> #REF! | Q4: =+#REF! -> #REF! | R4: =+#REF! -> #REF! | S4: =+#REF! -> #REF! | ... Y4: =+#REF! -> #REF! | Z4: TOTAL | AA4: Descripción Responsabilidad | AD4: DATOS FIJOS Y CÁLCULOS
A5: DIRECTOR GENERAL | B5: 0 | C5: 1 | D5: 2 | F5: =IFERROR(VLOOKUP(D5,'Categorías ACIEM'!$A$6:$C$13,2,0),0) -> 15 | G5: =IFERROR(VLOOKUP(D5,'Categorías ACIEM'!$A$6:$C$13,3,0),0) -> 10 | H5: =IFERROR(VLOOKUP(D5,'Categorías ACIEM'!$A$6:$D$13,4,0),0) -> 16 | I5: B | J5: =IFERROR(HLOOKUP(I5,'Categorías ACIEM'!$H$5:$O$13,D5+1,0),0) -> 1.4 | K5: =+IF(H5<10,factorpresof,factorpresSMI) -> 1.3 | L5: =+$B5*$C5*$H5*$J5*$K5*#REF!*#REF! -> #REF! | M5: =+$B5*$C5*$H5*$J5*$K5*#REF!*#REF!*M1 -> #REF! | N5: =+$B5*$C5*$H5*$J5*$K5*#REF!*#REF!*N1 -> #REF! | O5: =+$B5*$C5*$H5*$J5*$K5*#REF!*#REF!*O1 -> #REF! | P5: =+$B5*$C5*$H5*$J5*$K5*#REF!*#REF!*P1 -> #REF! | Q5: =+$B5*$C5*$H5*$J5*$K5*#REF!*#REF!*Q1 -> #REF! | R5: =+$B5*$C5*$H5*$J5*$K5*#REF!*#REF!*R1 -> #REF! | S5: =+$B5*$C5*$H5*$J5*$K5*#REF!*#REF!*S1 -> #REF! | T5: =+$B5*$C5*$H5*$J5*$K5*#REF!*#REF!*T1 -> #REF! | ... Y5: =+$B5*$C5*$H5*$J5*$K5*#REF!*#REF!*Y1 -> #REF! | Z5: =SUM(L5:Y5) -> #REF! | AA5: =IFERROR(HLOOKUP(I5,'Categorías ACIEM'!$H$5:$O$14,10,0),"NO APLICA") -> Toma de decisiones administrativas y técnicas. Reporte a instancia superior
A6: DIRECTOR TÉCNICO | B6: 0 | C6: 1 | D6: 3 | F6: =IFERROR(VLOOKUP(D6,'Categorías ACIEM'!$A$6:$C$13,2,0),0) -> 8 | G6: =IFERROR(VLOOKUP(D6,'Categorías ACIEM'!$A$6:$C$13,3,0),0) -> 5 | H6: =IFERROR(VLOOKUP(D6,'Categorías ACIEM'!$A$6:$D$13,4,0),0) -> 13 | I6: C | J6: =IFERROR(HLOOKUP(I6,'Categorías ACIEM'!$H$5:$O$13,D6+1,0),0) -> 1.3 | K6: =+IF(H6<10,factorpresof,factorpresSMI) -> 1.3 | L6: =+$B6*$C6*$H6*$J6*$K6*#REF!*#REF! -> #REF! | M6: =+$B6*$C6*$H6*$J6*$K6*#REF!*#REF! -> #REF! | N6: =+$B6*$C6*$H6*$J6*$K6*#REF!*#REF! -> #REF! | O6: =+$B6*$C6*$H6*$J6*$K6*#REF!*#REF! -> #REF! | P6: =+$B6*$C6*$H6*$J6*$K6*#REF!*#REF! -> #REF! | Q6: =+$B6*$C6*$H6*$J6*$K6*#REF!*#REF! -> #REF! | R6: =+$B6*$C6*$H6*$J6*$K6*#REF!*#REF! -> #REF! | S6: =+$B6*$C6*$H6*$J6*$K6*#REF!*#REF! -> #REF! | ... Y6: =+$B6*$C6*$H6*$J6*$K6*#REF!*#REF! -> #REF! | Z6: =SUM(L6:Y6) -> #REF! | AA6: =IFERROR(HLOOKUP(I6,'Categorías ACIEM'!$H$5:$O$14,10,0),"NO APLICA") -> Toma de decisiones técnicas. Reporte a instancia superior
A7: ASESOR TÉCNICO A | B7: 0 | C7: 1 | D7: 5 | E7: 1 | F7: =IFERROR(VLOOKUP(D7,'Categorías ACIEM'!$A$6:$C$13,2,0),0) -> 5 | G7: =IFERROR(VLOOKUP(D7,'Categorías ACIEM'!$A$6:$C$13,3,0),0) -> 3 | H7: =IFERROR(VLOOKUP(D7,'Categorías ACIEM'!$A$6:$D$13,4,0),0) -> 9 | I7: E | J7: =IFERROR(HLOOKUP(I7,'Categorías ACIEM'!$H$5:$O$13,D7+1,0),0) -> 1.1 | K7: =+IF(H7<10,factorpresof,factorpresSMI) -> 1.5185533 | L7: =+$B7*$C7*$H7*$J7*$K7*#REF!*#REF! -> #REF! | M7: =+$B7*$C7*$H7*$J7*$K7*#REF!*#REF! -> #REF! | N7: =+$B7*$C7*$H7*$J7*$K7*#REF!*#REF! -> #REF! | O7: =+$B7*$C7*$H7*$J7*$K7*#REF!*#REF! -> #REF! | P7: =+$B7*$C7*$H7*$J7*$K7*#REF!*#REF! -> #REF! | Q7: =+$B7*$C7*$H7*$J7*$K7*#REF!*#REF! -> #REF! | R7: =+$B7*$C7*$H7*$J7*$K7*#REF!*#REF! -> #REF! | S7: =+$B7*$C7*$H7*$J7*$K7*#REF!*#REF! -> #REF! | ... Y7: =+$B7*$C7*$H7*$J7*$K7*#REF!*#REF! -> #REF! | Z7: =SUM(L7:Y7) -> #REF! | AA7: =IFERROR(HLOOKUP(I7,'Categorías ACIEM'!$H$5:$O$14,10,0),"NO APLICA") -> Toma de decisiones de acuerdo con metodologías establecidas.
A8: ASESOR TÉCNICO B | B8: 0 | C8: 1 | D8: 4 | E8: 1 | F8: =IFERROR(VLOOKUP(D8,'Categorías ACIEM'!$A$6:$C$13,2,0),0) -> 6 | G8: =IFERROR(VLOOKUP(D8,'Categorías ACIEM'!$A$6:$C$13,3,0),0) -> 4 | H8: =IFERROR(VLOOKUP(D8,'Categorías ACIEM'!$A$6:$D$13,4,0),0) -> 11 | I8: E | J8: =IFERROR(HLOOKUP(I8,'Categorías ACIEM'!$H$5:$O$13,D8+1,0),0) -> 1.1 | K8: =+IF(H8<10,factorpresof,factorpresSMI) -> 1.3 | L8: =+$B8*$C8*$H8*$J8*$K8*#REF!*#REF! -> #REF! | M8: =+$B8*$C8*$H8*$J8*$K8*#REF!*#REF! -> #REF! | N8: =+$B8*$C8*$H8*$J8*$K8*#REF!*#REF! -> #REF! | O8: =+$B8*$C8*$H8*$J8*$K8*#REF!*#REF! -> #REF! | P8: =+$B8*$C8*$H8*$J8*$K8*#REF!*#REF! -> #REF! | Q8: =+$B8*$C8*$H8*$J8*$K8*#REF!*#REF! -> #REF! | R8: =+$B8*$C8*$H8*$J8*$K8*#REF!*#REF! -> #REF! | S8: =+$B8*$C8*$H8*$J8*$K8*#REF!*#REF! -> #REF! | ... Y8: =+$B8*$C8*$H8*$J8*$K8*#REF!*#REF! -> #REF! | Z8: =SUM(L8:Y8) -> #REF! | AA8: =IFERROR(HLOOKUP(I8,'Categorías ACIEM'!$H$5:$O$14,10,0),"NO APLICA") -> Toma de decisiones de acuerdo con metodologías establecidas.
A9: DIRECTOR INFORMÁTICO | B9: 0 | C9: 1 | D9: 4 | E9: 1 | F9: =IFERROR(VLOOKUP(D9,'Categorías ACIEM'!$A$6:$C$13,2,0),0) -> 6 | G9: =IFERROR(VLOOKUP(D9,'Categorías ACIEM'!$A$6:$C$13,3,0),0) -> 4 | H9: =IFERROR(VLOOKUP(D9,'Categorías ACIEM'!$A$6:$D$13,4,0),0) -> 11 | I9: D | J9: =IFERROR(HLOOKUP(I9,'Categorías ACIEM'!$H$5:$O$13,D9+1,0),0) -> 1.2 | K9: =+IF(H9<10,factorpresof,factorpresSMI) -> 1.3 | L9: =+$B9*$C9*$H9*$J9*$K9*#REF!*#REF! -> #REF! | M9: =+$B9*$C9*$H9*$J9*$K9*#REF!*#REF! -> #REF! | N9: =+$B9*$C9*$H9*$J9*$K9*#REF!*#REF! -> #REF! | O9: =+$B9*$C9*$H9*$J9*$K9*#REF!*#REF! -> #REF! | P9: =+$B9*$C9*$H9*$J9*$K9*#REF!*#REF! -> #REF! | Q9: =+$B9*$C9*$H9*$J9*$K9*#REF!*#REF! -> #REF! | R9: =+$B9*$C9*$H9*$J9*$K9*#REF!*#REF! -> #REF! | S9: =+$B9*$C9*$H9*$J9*$K9*#REF!*#REF! -> #REF! | ... Y9: =+$B9*$C9*$H9*$J9*$K9*#REF!*#REF! -> #REF! | Z9: =SUM(L9:Y9) -> #REF! | AA9: =IFERROR(HLOOKUP(I9,'Categorías ACIEM'!$H$5:$O$14,10,0),"NO APLICA") -> Análisis, asesoría y recomendaciones
A10: ASESOR JURÍDICO | B10: 0 | C10: 1 | D10: 4 | E10: 1 | F10: =IFERROR(VLOOKUP(D10,'Categorías ACIEM'!$A$6:$C$13,2,0),0) -> 6 | G10: =IFERROR(VLOOKUP(D10,'Categorías ACIEM'!$A$6:$C$13,3,0),0) -> 4 | H10: =IFERROR(VLOOKUP(D10,'Categorías ACIEM'!$A$6:$D$13,4,0),0) -> 11 | I10: E | J10: =IFERROR(HLOOKUP(I10,'Categorías ACIEM'!$H$5:$O$13,D10+1,0),0) -> 1.1 | K10: =+IF(H10<10,factorpresof,factorpresSMI) -> 1.3 | L10: =+$B10*$C10*$H10*$J10*$K10*#REF!*#REF! -> #REF! | M10: =+$B10*$C10*$H10*$J10*$K10*#REF!*#REF! -> #REF! | N10: =+$B10*$C10*$H10*$J10*$K10*#REF!*#REF! -> #REF! | O10: =+$B10*$C10*$H10*$J10*$K10*#REF!*#REF! -> #REF! | P10: =+$B10*$C10*$H10*$J10*$K10*#REF!*#REF! -> #REF! | Q10: =+$B10*$C10*$H10*$J10*$K10*#REF!*#REF! -> #REF! | R10: =+$B10*$C10*$H10*$J10*$K10*#REF!*#REF! -> #REF! | S10: =+$B10*$C10*$H10*$J10*$K10*#REF!*#REF! -> #REF! | ... Y10: =+$B10*$C10*$H10*$J10*$K10*#REF!*#REF! -> #REF! | Z10: =SUM(L10:Y10) -> #REF! | AA10: =IFERROR(HLOOKUP(I10,'Categorías ACIEM'!$H$5:$O$14,10,0),"NO APLICA") -> Toma de decisiones de acuerdo con metodologías establecidas.
A11: ASESOR ADMINISTRATIVO Y FINANCIERO | B11: 0 | C11: 1 | D11: 4 | F11: =IFERROR(VLOOKUP(D11,'Categorías ACIEM'!$A$6:$C$13,2,0),0) -> 6 | G11: =IFERROR(VLOOKUP(D11,'Categorías ACIEM'!$A$6:$C$13,3,0),0) -> 4 | H11: =IFERROR(VLOOKUP(D11,'Categorías ACIEM'!$A$6:$D$13,4,0),0) -> 11 | I11: E | J11: =IFERROR(HLOOKUP(I11,'Categorías ACIEM'!$H$5:$O$13,D11+1,0),0) -> 1.1 | K11: =+IF(H11<10,factorpresof,factorpresSMI) -> 1.3 | L11: =+$B11*$C11*$H11*$J11*$K11*#REF!*#REF! -> #REF! | M11: =+$B11*$C11*$H11*$J11*$K11*#REF!*#REF! -> #REF! | N11: =+$B11*$C11*$H11*$J11*$K11*#REF!*#REF! -> #REF! | O11: =+$B11*$C11*$H11*$J11*$K11*#REF!*#REF! -> #REF! | P11: =+$B11*$C11*$H11*$J11*$K11*#REF!*#REF! -> #REF! | Q11: =+$B11*$C11*$H11*$J11*$K11*#REF!*#REF! -> #REF! | R11: =+$B11*$C11*$H11*$J11*$K11*#REF!*#REF! -> #REF! | S11: =+$B11*$C11*$H11*$J11*$K11*#REF!*#REF! -> #REF! | ... Y11: =+$B11*$C11*$H11*$J11*$K11*#REF!*#REF! -> #REF! | Z11: =SUM(L11:Y11) -> #REF! | AA11: =IFERROR(HLOOKUP(I11,'Categorías ACIEM'!$H$5:$O$14,10,0),"NO APLICA") -> Toma de decisiones de acuerdo con metodologías establecidas.
A12: PROFESIONAL APOYO ADMINISTRATIVO | B12: 0 | C12: 1 | D12: 5 | F12: =IFERROR(VLOOKUP(D12,'Categorías ACIEM'!$A$6:$C$13,2,0),0) -> 5 | G12: =IFERROR(VLOOKUP(D12,'Categorías ACIEM'!$A$6:$C$13,3,0),0) -> 3 | H12: =IFERROR(VLOOKUP(D12,'Categorías ACIEM'!$A$6:$D$13,4,0),0) -> 9 | I12: F | J12: =IFERROR(HLOOKUP(I12,'Categorías ACIEM'!$H$5:$O$13,D12+1,0),0) -> 1 | K12: =+IF(H12<10,factorpresof,factorpresSMI) -> 1.5185533 | L12: =+$B12*$C12*$H12*$J12*$K12*#REF!*#REF! -> #REF! | M12: =+$B12*$C12*$H12*$J12*$K12*#REF!*#REF! -> #REF! | N12: =+$B12*$C12*$H12*$J12*$K12*#REF!*#REF! -> #REF! | O12: =+$B12*$C12*$H12*$J12*$K12*#REF!*#REF! -> #REF! | P12: =+$B12*$C12*$H12*$J12*$K12*#REF!*#REF! -> #REF! | Q12: =+$B12*$C12*$H12*$J12*$K12*#REF!*#REF! -> #REF! | R12: =+$B12*$C12*$H12*$J12*$K12*#REF!*#REF! -> #REF! | S12: =+$B12*$C12*$H12*$J12*$K12*#REF!*#REF! -> #REF! | ... Y12: =+$B12*$C12*$H12*$J12*$K12*#REF!*#REF! -> #REF! | Z12: =SUM(L12:Y12) -> #REF! | AA12: =IFERROR(HLOOKUP(I12,'Categorías ACIEM'!$H$5:$O$14,10,0),"NO APLICA") -> Cumplimiento de manuales
A13: Persona 9 | B13: 0 | F13: =IFERROR(VLOOKUP(D13,'Categorías ACIEM'!$A$6:$C$13,2,0),0) -> 0 | G13: =IFERROR(VLOOKUP(D13,'Categorías ACIEM'!$A$6:$C$13,3,0),0) -> 0 | H13: =IFERROR(VLOOKUP(D13,'Categorías ACIEM'!$A$6:$D$13,4,0),0) -> 0 | J13: =IFERROR(HLOOKUP(I13,'Categorías ACIEM'!$H$5:$O$13,D13+1,0),0) -> 0 | K13: =+IF(H13<10,factorpresof,factorpresSMI) -> 1.5185533 | L13: =+$B13*$C13*$H13*$J13*$K13*#REF!*#REF! -> #REF! | M13: =+$B13*$C13*$H13*$J13*$K13*#REF!*#REF! -> #REF! | N13: =+$B13*$C13*$H13*$J13*$K13*#REF!*#REF! -> #REF! | O13: =+$B13*$C13*$H13*$J13*$K13*#REF!*#REF! -> #REF! | P13: =+$B13*$C13*$H13*$J13*$K13*#REF!*#REF! -> #REF! | Q13: =+$B13*$C13*$H13*$J13*$K13*#REF!*#REF! -> #REF! | R13: =+$B13*$C13*$H13*$J13*$K13*#REF!*#REF! -> #REF! | S13: =+$B13*$C13*$H13*$J13*$K13*#REF!*#REF! -> #REF! | ... Y13: =+$B13*$C13*$H13*$J13*$K13*#REF!*#REF! -> #REF! | Z13: =SUM(L13:Y13) -> #REF! | AA13: =IFERROR(HLOOKUP(I13,'Categorías ACIEM'!$H$5:$O$14,10,0),"NO APLICA") -> NO APLICA
A14: Persona 10 | B14: 0 | F14: =IFERROR(VLOOKUP(D14,'Categorías ACIEM'!$A$6:$C$13,2,0),0) -> 0 | G14: =IFERROR(VLOOKUP(D14,'Categorías ACIEM'!$A$6:$C$13,3,0),0) -> 0 | H14: =IFERROR(VLOOKUP(D14,'Categorías ACIEM'!$A$6:$D$13,4,0),0) -> 0 | J14: =IFERROR(HLOOKUP(I14,'Categorías ACIEM'!$H$5:$O$13,D14+1,0),0) -> 0 | K14: =+IF(H14<10,factorpresof,factorpresSMI) -> 1.5185533 | L14: =+$B14*$C14*$H14*$J14*$K14*#REF!*#REF! -> #REF! | M14: =+$B14*$C14*$H14*$J14*$K14*#REF!*#REF! -> #REF! | N14: =+$B14*$C14*$H14*$J14*$K14*#REF!*#REF! -> #REF! | O14: =+$B14*$C14*$H14*$J14*$K14*#REF!*#REF! -> #REF! | P14: =+$B14*$C14*$H14*$J14*$K14*#REF!*#REF! -> #REF! | Q14: =+$B14*$C14*$H14*$J14*$K14*#REF!*#REF! -> #REF! | R14: =+$B14*$C14*$H14*$J14*$K14*#REF!*#REF! -> #REF! | S14: =+$B14*$C14*$H14*$J14*$K14*#REF!*#REF! -> #REF! | ... Y14: =+$B14*$C14*$H14*$J14*$K14*#REF!*#REF! -> #REF! | Z14: =SUM(L14:Y14) -> #REF! | AA14: =IFERROR(HLOOKUP(I14,'Categorías ACIEM'!$H$5:$O$14,10,0),"NO APLICA") -> NO APLICA
A15: Persona 11 | B15: 0 | F15: =IFERROR(VLOOKUP(D15,'Categorías ACIEM'!$A$6:$C$13,2,0),0) -> 0 | G15: =IFERROR(VLOOKUP(D15,'Categorías ACIEM'!$A$6:$C$13,3,0),0) -> 0 | H15: =IFERROR(VLOOKUP(D15,'Categorías ACIEM'!$A$6:$D$13,4,0),0) -> 0 | J15: =IFERROR(HLOOKUP(I15,'Categorías ACIEM'!$H$5:$O$13,D15+1,0),0) -> 0 | K15: =+IF(H15<10,factorpresof,factorpresSMI) -> 1.5185533 | L15: =+$B15*$C15*$H15*$J15*$K15*#REF!*#REF! -> #REF! | M15: =+$B15*$C15*$H15*$J15*$K15*#REF!*#REF! -> #REF! | N15: =+$B15*$C15*$H15*$J15*$K15*#REF!*#REF! -> #REF! | O15: =+$B15*$C15*$H15*$J15*$K15*#REF!*#REF! -> #REF! | P15: =+$B15*$C15*$H15*$J15*$K15*#REF!*#REF! -> #REF! | Q15: =+$B15*$C15*$H15*$J15*$K15*#REF!*#REF! -> #REF! | R15: =+$B15*$C15*$H15*$J15*$K15*#REF!*#REF! -> #REF! | S15: =+$B15*$C15*$H15*$J15*$K15*#REF!*#REF! -> #REF! | ... Y15: =+$B15*$C15*$H15*$J15*$K15*#REF!*#REF! -> #REF! | Z15: =SUM(L15:Y15) -> #REF! | AA15: =IFERROR(HLOOKUP(I15,'Categorías ACIEM'!$H$5:$O$14,10,0),"NO APLICA") -> NO APLICA
A16: Persona 12 | B16: 0 | F16: =IFERROR(VLOOKUP(D16,'Categorías ACIEM'!$A$6:$C$13,2,0),0) -> 0 | G16: =IFERROR(VLOOKUP(D16,'Categorías ACIEM'!$A$6:$C$13,3,0),0) -> 0 | H16: =IFERROR(VLOOKUP(D16,'Categorías ACIEM'!$A$6:$D$13,4,0),0) -> 0 | J16: =IFERROR(HLOOKUP(I16,'Categorías ACIEM'!$H$5:$O$13,D16+1,0),0) -> 0 | K16: =+IF(H16<10,factorpresof,factorpresSMI) -> 1.5185533 | L16: =+$B16*$C16*$H16*$J16*$K16*#REF!*#REF! -> #REF! | M16: =+$B16*$C16*$H16*$J16*$K16*#REF!*#REF! -> #REF! | N16: =+$B16*$C16*$H16*$J16*$K16*#REF!*#REF! -> #REF! | O16: =+$B16*$C16*$H16*$J16*$K16*#REF!*#REF! -> #REF! | P16: =+$B16*$C16*$H16*$J16*$K16*#REF!*#REF! -> #REF! | Q16: =+$B16*$C16*$H16*$J16*$K16*#REF!*#REF! -> #REF! | R16: =+$B16*$C16*$H16*$J16*$K16*#REF!*#REF! -> #REF! | S16: =+$B16*$C16*$H16*$J16*$K16*#REF!*#REF! -> #REF! | ... Y16: =+$B16*$C16*$H16*$J16*$K16*#REF!*#REF! -> #REF! | Z16: =SUM(L16:Y16) -> #REF! | AA16: =IFERROR(HLOOKUP(I16,'Categorías ACIEM'!$H$5:$O$14,10,0),"NO APLICA") -> NO APLICA
A17: Persona 13 | B17: 0 | F17: =IFERROR(VLOOKUP(D17,'Categorías ACIEM'!$A$6:$C$13,2,0),0) -> 0 | G17: =IFERROR(VLOOKUP(D17,'Categorías ACIEM'!$A$6:$C$13,3,0),0) -> 0 | H17: =IFERROR(VLOOKUP(D17,'Categorías ACIEM'!$A$6:$D$13,4,0),0) -> 0 | J17: =IFERROR(HLOOKUP(I17,'Categorías ACIEM'!$H$5:$O$13,D17+1,0),0) -> 0 | K17: =+IF(H17<10,factorpresof,factorpresSMI) -> 1.5185533 | L17: =+$B17*$C17*$H17*$J17*$K17*#REF!*#REF! -> #REF! | M17: =+$B17*$C17*$H17*$J17*$K17*#REF!*#REF! -> #REF! | N17: =+$B17*$C17*$H17*$J17*$K17*#REF!*#REF! -> #REF! | O17: =+$B17*$C17*$H17*$J17*$K17*#REF!*#REF! -> #REF! | P17: =+$B17*$C17*$H17*$J17*$K17*#REF!*#REF! -> #REF! | Q17: =+$B17*$C17*$H17*$J17*$K17*#REF!*#REF! -> #REF! | R17: =+$B17*$C17*$H17*$J17*$K17*#REF!*#REF! -> #REF! | S17: =+$B17*$C17*$H17*$J17*$K17*#REF!*#REF! -> #REF! | ... Y17: =+$B17*$C17*$H17*$J17*$K17*#REF!*#REF! -> #REF! | Z17: =SUM(L17:Y17) -> #REF! | AA17: =IFERROR(HLOOKUP(I17,'Categorías ACIEM'!$H$5:$O$14,10,0),"NO APLICA") -> NO APLICA
A18: Persona 14 | B18: 0 | F18: =IFERROR(VLOOKUP(D18,'Categorías ACIEM'!$A$6:$C$13,2,0),0) -> 0 | G18: =IFERROR(VLOOKUP(D18,'Categorías ACIEM'!$A$6:$C$13,3,0),0) -> 0 | H18: =IFERROR(VLOOKUP(D18,'Categorías ACIEM'!$A$6:$D$13,4,0),0) -> 0 | J18: =IFERROR(HLOOKUP(I18,'Categorías ACIEM'!$H$5:$O$13,D18+1,0),0) -> 0 | K18: =+IF(H18<10,factorpresof,factorpresSMI) -> 1.5185533 | L18: =+$B18*$C18*$H18*$J18*$K18*#REF!*#REF! -> #REF! | M18: =+$B18*$C18*$H18*$J18*$K18*#REF!*#REF! -> #REF! | N18: =+$B18*$C18*$H18*$J18*$K18*#REF!*#REF! -> #REF! | O18: =+$B18*$C18*$H18*$J18*$K18*#REF!*#REF! -> #REF! | P18: =+$B18*$C18*$H18*$J18*$K18*#REF!*#REF! -> #REF! | Q18: =+$B18*$C18*$H18*$J18*$K18*#REF!*#REF! -> #REF! | R18: =+$B18*$C18*$H18*$J18*$K18*#REF!*#REF! -> #REF! | S18: =+$B18*$C18*$H18*$J18*$K18*#REF!*#REF! -> #REF! | ... Y18: =+$B18*$C18*$H18*$J18*$K18*#REF!*#REF! -> #REF! | Z18: =SUM(L18:Y18) -> #REF! | AA18: =IFERROR(HLOOKUP(I18,'Categorías ACIEM'!$H$5:$O$14,10,0),"NO APLICA") -> NO APLICA
A19: Persona 15 | B19: 0 | F19: =IFERROR(VLOOKUP(D19,'Categorías ACIEM'!$A$6:$C$13,2,0),0) -> 0 | G19: =IFERROR(VLOOKUP(D19,'Categorías ACIEM'!$A$6:$C$13,3,0),0) -> 0 | H19: =IFERROR(VLOOKUP(D19,'Categorías ACIEM'!$A$6:$D$13,4,0),0) -> 0 | J19: =IFERROR(HLOOKUP(I19,'Categorías ACIEM'!$H$5:$O$13,D19+1,0),0) -> 0 | K19: =+IF(H19<10,factorpresof,factorpresSMI) -> 1.5185533 | L19: =+$B19*$C19*$H19*$J19*$K19*#REF!*#REF! -> #REF! | M19: =+$B19*$C19*$H19*$J19*$K19*#REF!*#REF! -> #REF! | N19: =+$B19*$C19*$H19*$J19*$K19*#REF!*#REF! -> #REF! | O19: =+$B19*$C19*$H19*$J19*$K19*#REF!*#REF! -> #REF! | P19: =+$B19*$C19*$H19*$J19*$K19*#REF!*#REF! -> #REF! | Q19: =+$B19*$C19*$H19*$J19*$K19*#REF!*#REF! -> #REF! | R19: =+$B19*$C19*$H19*$J19*$K19*#REF!*#REF! -> #REF! | S19: =+$B19*$C19*$H19*$J19*$K19*#REF!*#REF! -> #REF! | ... Y19: =+$B19*$C19*$H19*$J19*$K19*#REF!*#REF! -> #REF! | Z19: =SUM(L19:Y19) -> #REF! | AA19: =IFERROR(HLOOKUP(I19,'Categorías ACIEM'!$H$5:$O$14,10,0),"NO APLICA") -> NO APLICA
A20: Persona 16 | B20: 0 | F20: =IFERROR(VLOOKUP(D20,'Categorías ACIEM'!$A$6:$C$13,2,0),0) -> 0 | G20: =IFERROR(VLOOKUP(D20,'Categorías ACIEM'!$A$6:$C$13,3,0),0) -> 0 | H20: =IFERROR(VLOOKUP(D20,'Categorías ACIEM'!$A$6:$D$13,4,0),0) -> 0 | J20: =IFERROR(HLOOKUP(I20,'Categorías ACIEM'!$H$5:$O$13,D20+1,0),0) -> 0 | K20: =+IF(H20<10,factorpresof,factorpresSMI) -> 1.5185533 | L20: =+$B20*$C20*$H20*$J20*$K20*#REF!*#REF! -> #REF! | M20: =+$B20*$C20*$H20*$J20*$K20*#REF!*#REF! -> #REF! | N20: =+$B20*$C20*$H20*$J20*$K20*#REF!*#REF! -> #REF! | O20: =+$B20*$C20*$H20*$J20*$K20*#REF!*#REF! -> #REF! | P20: =+$B20*$C20*$H20*$J20*$K20*#REF!*#REF! -> #REF! | Q20: =+$B20*$C20*$H20*$J20*$K20*#REF!*#REF! -> #REF! | R20: =+$B20*$C20*$H20*$J20*$K20*#REF!*#REF! -> #REF! | S20: =+$B20*$C20*$H20*$J20*$K20*#REF!*#REF! -> #REF! | ... Y20: =+$B20*$C20*$H20*$J20*$K20*#REF!*#REF! -> #REF! | Z20: =SUM(L20:Y20) -> #REF! | AA20: =IFERROR(HLOOKUP(I20,'Categorías ACIEM'!$H$5:$O$14,10,0),"NO APLICA") -> NO APLICA
A21: Persona 17 | B21: 0 | F21: =IFERROR(VLOOKUP(D21,'Categorías ACIEM'!$A$6:$C$13,2,0),0) -> 0 | G21: =IFERROR(VLOOKUP(D21,'Categorías ACIEM'!$A$6:$C$13,3,0),0) -> 0 | H21: =IFERROR(VLOOKUP(D21,'Categorías ACIEM'!$A$6:$D$13,4,0),0) -> 0 | J21: =IFERROR(HLOOKUP(I21,'Categorías ACIEM'!$H$5:$O$13,D21+1,0),0) -> 0 | K21: =+IF(H21<10,factorpresof,factorpresSMI) -> 1.5185533 | L21: =+$B21*$C21*$H21*$J21*$K21*#REF!*#REF! -> #REF! | M21: =+$B21*$C21*$H21*$J21*$K21*#REF!*#REF! -> #REF! | N21: =+$B21*$C21*$H21*$J21*$K21*#REF!*#REF! -> #REF! | O21: =+$B21*$C21*$H21*$J21*$K21*#REF!*#REF! -> #REF! | P21: =+$B21*$C21*$H21*$J21*$K21*#REF!*#REF! -> #REF! | Q21: =+$B21*$C21*$H21*$J21*$K21*#REF!*#REF! -> #REF! | R21: =+$B21*$C21*$H21*$J21*$K21*#REF!*#REF! -> #REF! | S21: =+$B21*$C21*$H21*$J21*$K21*#REF!*#REF! -> #REF! | ... Y21: =+$B21*$C21*$H21*$J21*$K21*#REF!*#REF! -> #REF! | Z21: =SUM(L21:Y21) -> #REF! | AA21: =IFERROR(HLOOKUP(I21,'Categorías ACIEM'!$H$5:$O$14,10,0),"NO APLICA") -> NO APLICA
A22: Persona 18 | B22: 0 | F22: =IFERROR(VLOOKUP(D22,'Categorías ACIEM'!$A$6:$C$13,2,0),0) -> 0 | G22: =IFERROR(VLOOKUP(D22,'Categorías ACIEM'!$A$6:$C$13,3,0),0) -> 0 | H22: =IFERROR(VLOOKUP(D22,'Categorías ACIEM'!$A$6:$D$13,4,0),0) -> 0 | J22: =IFERROR(HLOOKUP(I22,'Categorías ACIEM'!$H$5:$O$13,D22+1,0),0) -> 0 | K22: =+IF(H22<10,factorpresof,factorpresSMI) -> 1.5185533 | L22: =+$B22*$C22*$H22*$J22*$K22*#REF!*#REF! -> #REF! | M22: =+$B22*$C22*$H22*$J22*$K22*#REF!*#REF! -> #REF! | N22: =+$B22*$C22*$H22*$J22*$K22*#REF!*#REF! -> #REF! | O22: =+$B22*$C22*$H22*$J22*$K22*#REF!*#REF! -> #REF! | P22: =+$B22*$C22*$H22*$J22*$K22*#REF!*#REF! -> #REF! | Q22: =+$B22*$C22*$H22*$J22*$K22*#REF!*#REF! -> #REF! | R22: =+$B22*$C22*$H22*$J22*$K22*#REF!*#REF! -> #REF! | S22: =+$B22*$C22*$H22*$J22*$K22*#REF!*#REF! -> #REF! | ... Y22: =+$B22*$C22*$H22*$J22*$K22*#REF!*#REF! -> #REF! | Z22: =SUM(L22:Y22) -> #REF! | AA22: =IFERROR(HLOOKUP(I22,'Categorías ACIEM'!$H$5:$O$14,10,0),"NO APLICA") -> NO APLICA
A23: Persona 19 | B23: 0 | F23: =IFERROR(VLOOKUP(D23,'Categorías ACIEM'!$A$6:$C$13,2,0),0) -> 0 | G23: =IFERROR(VLOOKUP(D23,'Categorías ACIEM'!$A$6:$C$13,3,0),0) -> 0 | H23: =IFERROR(VLOOKUP(D23,'Categorías ACIEM'!$A$6:$D$13,4,0),0) -> 0 | J23: =IFERROR(HLOOKUP(I23,'Categorías ACIEM'!$H$5:$O$13,D23+1,0),0) -> 0 | K23: =+IF(H23<10,factorpresof,factorpresSMI) -> 1.5185533 | L23: =+$B23*$C23*$H23*$J23*$K23*#REF!*#REF! -> #REF! | M23: =+$B23*$C23*$H23*$J23*$K23*#REF!*#REF! -> #REF! | N23: =+$B23*$C23*$H23*$J23*$K23*#REF!*#REF! -> #REF! | O23: =+$B23*$C23*$H23*$J23*$K23*#REF!*#REF! -> #REF! | P23: =+$B23*$C23*$H23*$J23*$K23*#REF!*#REF! -> #REF! | Q23: =+$B23*$C23*$H23*$J23*$K23*#REF!*#REF! -> #REF! | R23: =+$B23*$C23*$H23*$J23*$K23*#REF!*#REF! -> #REF! | S23: =+$B23*$C23*$H23*$J23*$K23*#REF!*#REF! -> #REF! | ... Y23: =+$B23*$C23*$H23*$J23*$K23*#REF!*#REF! -> #REF! | Z23: =SUM(L23:Y23) -> #REF! | AA23: =IFERROR(HLOOKUP(I23,'Categorías ACIEM'!$H$5:$O$14,10,0),"NO APLICA") -> NO APLICA
A24: Persona 20 | B24: 0 | F24: =IFERROR(VLOOKUP(D24,'Categorías ACIEM'!$A$6:$C$13,2,0),0) -> 0 | G24: =IFERROR(VLOOKUP(D24,'Categorías ACIEM'!$A$6:$C$13,3,0),0) -> 0 | H24: =IFERROR(VLOOKUP(D24,'Categorías ACIEM'!$A$6:$D$13,4,0),0) -> 0 | J24: =IFERROR(HLOOKUP(I24,'Categorías ACIEM'!$H$5:$O$13,D24+1,0),0) -> 0 | K24: =+IF(H24<10,factorpresof,factorpresSMI) -> 1.5185533 | L24: =+$B24*$C24*$H24*$J24*$K24*#REF!*#REF! -> #REF! | M24: =+$B24*$C24*$H24*$J24*$K24*#REF!*#REF! -> #REF! | N24: =+$B24*$C24*$H24*$J24*$K24*#REF!*#REF! -> #REF! | O24: =+$B24*$C24*$H24*$J24*$K24*#REF!*#REF! -> #REF! | P24: =+$B24*$C24*$H24*$J24*$K24*#REF!*#REF! -> #REF! | Q24: =+$B24*$C24*$H24*$J24*$K24*#REF!*#REF! -> #REF! | R24: =+$B24*$C24*$H24*$J24*$K24*#REF!*#REF! -> #REF! | S24: =+$B24*$C24*$H24*$J24*$K24*#REF!*#REF! -> #REF! | ... Y24: =+$B24*$C24*$H24*$J24*$K24*#REF!*#REF! -> #REF! | Z24: =SUM(L24:Y24) -> #REF! | AA24: =IFERROR(HLOOKUP(I24,'Categorías ACIEM'!$H$5:$O$14,10,0),"NO APLICA") -> NO APLICA
L25: =SUM(L5:L24) -> #REF! | M25: =SUM(M5:M24) -> #REF! | N25: =SUM(N5:N24) -> #REF! | O25: =SUM(O5:O24) -> #REF! | P25: =SUM(P5:P24) -> #REF! | Q25: =SUM(Q5:Q24) -> #REF! | R25: =SUM(R5:R24) -> #REF! | S25: =SUM(S5:S24) -> #REF! | ... Y25: =SUM(Y5:Y24) -> #REF! | Z25: =SUM(L25:O25) -> #REF!

Sheet PRESUPUESTO
B1: MINISTERIO DE TECNOLOGÍAS DE LA INFORMACIÓN Y LAS COMUNICACIONES
B4: 1130001 prestar los servicios para apoyar la gestión, soporte técnico pedagógico y operativo para la implementación y seguimiento de la estrategia de gestión del conocimiento del Ministerio TIC en el marco del Modelo Integrado de Planeación y Gestión (MIPG) y la transformación digital institucional, conforme a las especificaciones del anexo técnico.
A5: COSTOS DIRECTOS (DE PERSONAL)
A6: COSTOS DE PERSONAL | B6: 1 | C6: 2 | D6: 3 | E6: 4 | F6: 5 | G6: 6 | H6: 7 | I6: 8 | J6: 9 | K6: 10 | L6: 11 | M6: 12 | N6: 13 | O6: 14
B7: REMUNERACION MENSUAL (PESOS ENERO DE 2026) | C7: ETAPA OPERATIVA | F7: ETAPA OPERATIVA | L7: VALORES PARCIALES | O7: VALOR TOTAL (11+12+13)
A8: CARGO / OFICIO (1) | C8: FASE IMPLEMENTACIÓN | F8: FASE OPERACIÓN Y MENTENIMIENTO | L8: IMPLEMENTACIÓN | M8: OPERACIÓN Y MANTENIMIENTO
C9: CANTIDAD DE PERSONAS | D9: % DE DEDICACION | E9: Tiempo Total en meses | F9: CANTIDAD DE PERSONAS | G9: % DE DEDICACION | H9: Tiempo Total en meses | L9: (1*2*3*4) | M9: (1*5*6*7)
A12: DIRECTOR GENERAL | C12: 1 | D12: 1 | E12: 1 | F12: 1 | G12: 1 | H12: 5
A13: PROFESIONAL TÉCNICO | C13: 2 | D13: 1 | E13: 1 | F13: 2 | G13: 1 | H13: 5
A14: PROFESIONAL ELECTRICO | C14: 1 | D14: 1 | E14: 1 | F14: 1 | G14: 1 | H14: 5
A15: PROFESIONAL JURÍDICO | C15: 1 | D15: 0.5 | E15: 1 | F15: 1 | G15: 0.5 | H15: 5
A16: PROFESIONAL ADMINISTRATIVO FINANCIERO | C16: 1 | D16: 1 | E16: 1 | F16: 1 | G16: 1 | H16: 5
A17: PROFESIONAL SISTEMAS DE INFORMACIÓN | C17: 1 | D17: 0.5 | E17: 1 | F17: 1 | G17: 0.5 | H17: 5
A18: PROFESIONAL CALIDAD | C18: 1 | D18: 1 | E18: 1 | F18: 1 | G18: 1 | H18: 5
A19: PROFESIONAL SOCIAL | C19: 1 | D19: 0.5 | E19: 1 | F19: 1 | G19: 0.5 | H19: 5
A20: SUBTOTAL COSTOS DE PERSONAL (1) (DIRECTOS)
A21: FACTOR MULTIPLICADOR (2)
A22: TOTAL COSTOS DE PERSONAL = (1) * (2) = (3)
L23: =+L22/6 -> 0
A26: OTROS COSTOS | B26: 15 | C26: 16 | D26: 17 | E26: 18 | F26: 19 | G26: 20 | H26: 21 | I26: 22 | J26: 23 | K26: 24 | L26: 25 | M26: 26 | N26: 27 | O26: 28
B27: UNIDAD | C27: VALOR | D27: ETAPA OPERATIVA | O27: VALOR TOTAL
D28: FASE IMPLEMENTACIÓN | L28: IMPLEMENTACIÓN
D29: CANTIDAD | E29: PERIODO DE USO | L29: (16*17*18) | O29: (25+26+27)
A30: Computador portátil | B30: UND | D30: 9 | E30: Anual
A31: Impresora Multifuncional | B31: UND | D31: 1 | E31: Anual
A32: Visita de Profesional en Campo | B32: UND*DIA | D32: 151 | E32: Anual
A33: SUBTOTAL COSTOS INDIRECTOS (4)
A36: COSTO BÁSICO = (3) + (4) = (5)
A37: IVA = 19% * (5) = (6)
A38: COSTO TOTAL INTERVENTORIA = (5) + (6)= (7)
A39: Notas: Lea cuidadosamente las siguientes notas 1. El MinTic asume que los valores reportados por cada una de las fases en la presente oferta, incluyen todos los costos directos e indirectos asociados a los productos o entregables, así como costos operativos y de personal incluyendo el equipo de trabajo mínimo exigido en el anexo técnico, es decir, el total de la presente oferta es el costo definitivo del proponente, sin que posteriormente genere costos o agregados adicionales. 2. Todos los valores contenidos en la propuesta económica valor total o valores resultantes de las operaciones aritméticas a que haya lugar deberán estar ajustado al peso. En caso que cualquier valor de la oferta económica valor total o valores resultantes de las operaciones aritméticas a que haya lugar de algún proponente se presente con decimales, la entidad procederá a ajustar el valor redondeándolo al peso, cuando la fracción decimal del peso sea igual o superior a cinco lo aproximará por exceso al peso y cuando la fracción decimal del peso sea inferior a cinco lo aproximará por defecto al peso. 3. En el evento que la propuesta económica no contenga el precio o se haya diligenciado en cero o con algún símbolo, la propuesta será rechazada. 4. El valor total de la propuesta económica no podrá superar los valores de referencia y el presupuesto oficial para el presente proceso y deberá inlcuir los gravamenes de ley si aplica
A43: Firma del representante legal
A44: Nombre:
A45: Empresa:
A46: Nit:

Sheet PRESTACIONES
A1: EQUIVALENCIA HONORARIOS
L2: DATOS DE PROYECTO
L3: DATOS EXTERNOS
A4: CALCULO DE EQUIVALENCIA | G4: EN OFICINA | H4: EN CAMPO | I4: Soporte legal | L4: DATOS FIJOS Y CÁLCULOS
A5: A | B5: ASIGNACIÓN BASICA MENSUAL | G5: 1 | H5: 1
A6: B | B6: Prestaciones Sociales | G6: =SUM(G7:G11) -> 0.21833333 | H6: =SUM(H7:H11) -> 0.21833333
B7: Cesantías | G7: =100%/12 -> 0.083333333 | H7: =100%/12 -> 0.083333333 | I7: Código Sustantivo del Trabajo, Art. 249
B8: Intereses sobre cesantías | G8: =12%/12 -> 0.01 | H8: =12%/12 -> 0.01 | I8: Decreto 116 de 1976
B9: Prima | G9: =100%/12 -> 0.083333333 | H9: =100%/12 -> 0.083333333 | I9: Código Sustantivo del Trabajo, Art. 306
B10: Vacaciones | G10: =50%/12 -> 0.041666667 | H10: =50%/12 -> 0.041666667 | I10: Código Sustantivo del Trabajo, Art. 186
B11: Dotaciones | G11: 0 | H11: 0
A12: C | B12: Sistema de seguridad social integral | G12: =SUM(G13:G15) -> 0.21022 | H12: =SUM(H13:H15) -> 0.2485
B13: Salud | G13: 0.085 | H13: 0.085 | I13: Ley 1122 de 2007, Art.10; Ley 797 de 2003, Art. 7
B14: Pensiones | G14: =75%*16% -> 0.12 | H14: =75%*16% -> 0.12 | I14: Decreto 4982 de 2007; Ley 797 de 2003, Art. 7
B15: ARP | G15: 0.00522 | H15: 0.0435
A16: D | B16: Otros | G16: =SUM(G17:G19) -> 0.09 | H16: =SUM(H17:H19) -> 0.09
B17: Sena | G17: 0.02 | H17: 0.02 | I17: ley 119 de 1994, art. 30
B18: ICBF | G18: 0.03 | H18: 0.03 | I18: Ley 1607 de 2012 - Parafiscales
B19: Caja de compensación familiar | G19: 0.04 | H19: 0.04 | I19: Ley 21 de 1982
B20: SUBTOTAL B+C | G20: =+G6+G12 -> 0.42855333 | H20: =+H6+H12 -> 0.46683333
A21: E | B21: TOTAL FACTOR EQUIVALENCIA | G21: =+G5+G16+G20 -> 1.5185533 | H21: =+H5+H16+H20 -> 1.5568333
G22: factorpresof | H22: factorprescampo
G23: SMI
B24: SALARIO MINIMO INTEGRAL | G24: 13000000 | I24: Art 132 num 2 C.S.T
B25: EQUIVALENCIA DE HONORARIOS PARA SMI sobre el 70% | G25: =+(G12+G16)*0.7 -> 0.210154 | I25: ley 50 de 1990, art. 18
B26: EQUIVALENCIA DE HONORARIOS PARA SMI sobre el 100% | G26: =+G10 -> 0.041666667 | I26: ley 50 de 1990, art. 18
B27: EQUIVALENCIA DE HONORARIOS TOTAL | G27: =1+IF(G25+G26<30%,30%,G25+G26) -> 1.3 | I27: Mínimo 30%
G28: factorpresSMI

Sheet Categorías ACIEM
A1: ACIEM
G3: MULTIPLICADOR RECOMENDADO SOBRE EL SALARIO PARA EL ESCALAFÓN
B4: AÑOS DE EXPERIENCIA | H4: NIVEL DE RESPONSABILIDAD
A5: ESCALAFÓN | B5: GENERAL | C5: ESPECÍFICA | D5: SMMLV | G5: ESCALAFÓN | H5: A | I5: B | J5: C | K5: D | L5: E | M5: F | N5: G | O5: H
A6: 1 | B6: 20 | C6: 15 | D6: 21 | G6: 1 | H6: 1.5 | I6: 1.4 | J6: 1.3 | K6: 1.2 | L6: 1.1 | M6: 1 | N6: 1 | O6: 1
A7: 2 | B7: 15 | C7: 10 | D7: 16 | G7: 2 | I7: 1.4 | J7: 1.3 | K7: 1.2 | L7: 1.1 | M7: 1 | N7: 1 | O7: 1
A8: 3 | B8: 8 | C8: 5 | D8: 13 | G8: 3 | J8: 1.3 | K8: 1.2 | L8: 1.1 | M8: 1 | N8: 1 | O8: 1
A9: 4 | B9: 6 | C9: 4 | D9: 11 | G9: 4 | K9: 1.2 | L9: 1.1 | M9: 1 | N9: 1 | O9: 1
A10: 5 | B10: 5 | C10: 3 | D10: 9 | G10: 5 | L10: 1.1 | M10: 1 | N10: 1 | O10: 1
A11: 6 | B11: 3 | C11: 1 | D11: 7 | G11: 6 | M11: 1.1 | N11: 1 | O11: 1
A12: 7 | B12: 2 | C12: 1 | D12: 5 | G12: 7 | N12: 1 | O12: 1
A13: 8 | B13: 1 | D13: 4 | G13: 8 | O13: 1
H14: Responsabilidad Total | I14: Toma de decisiones administrativas y técnicas. Reporte a instancia superior | J14: Toma de decisiones técnicas. Reporte a instancia superior | K14: Análisis, asesoría y recomendaciones | L14: Toma de decisiones de acuerdo con metodologías establecidas. | M14: Cumplimiento de manuales | N14: Apoyo en tareas específicas | O14: Profesional en formación
B18: DATOS DE PROYECTO
B19: DATOS EXTERNOS
B20: DATOS FIJOS Y CÁLCULOS

Sheet GRADOS FP
A1: ARTÍCULO 2.2.2.4.2 Requisitos del nivel directivo. Serán requisitos para los empleos del nivel directivo, los siguientes:
A4: Grados | B4: Requisitos generales
A5: 1 | B5: Título profesional y doce (12) meses de experiencia profesional relacionada. | C5: =IFERROR(FIND("(",B5,100),FIND("(",B5,1)) -> 27 | D5: =VALUE(RIGHT(LEFT(B5,C5+2),2)) -> 12 | F5: =+D5/12 -> 1
A6: 2 | B6: Título profesional y dieciséis (16) meses de experiencia profesional relacionada. | C6: =IFERROR(FIND("(",B6,100),FIND("(",B6,1)) -> 32 | D6: =VALUE(RIGHT(LEFT(B6,C6+2),2)) -> 16 | F6: =+D6/12 -> 1.3333333
A7: 3 | B7: Título profesional y veinte (20) meses de experiencia profesional relacionada. | C7: =IFERROR(FIND("(",B7,100),FIND("(",B7,1)) -> 29 | D7: =VALUE(RIGHT(LEFT(B7,C7+2),2)) -> 20 | F7: =+D7/12 -> 1.6666667
A8: 4 | B8: Título profesional y veinticuatro (24) meses de experiencia profesional relacionada. | C8: =IFERROR(FIND("(",B8,100),FIND("(",B8,1)) -> 35 | D8: =VALUE(RIGHT(LEFT(B8,C8+2),2)) -> 24 | F8: =+D8/12 -> 2
A9: 5 | B9: Título profesional y veintiocho (28) meses de experiencia profesional relacionada. | C9: =IFERROR(FIND("(",B9,100),FIND("(",B9,1)) -> 33 | D9: =VALUE(RIGHT(LEFT(B9,C9+2),2)) -> 28 | F9: =+D9/12 -> 2.3333333
A10: 6 | B10: Título profesional y treinta y dos (32) meses de experiencia profesional relacionada. | C10: =IFERROR(FIND("(",B10,100),FIND("(",B10,1)) -> 36 | D10: =VALUE(RIGHT(LEFT(B10,C10+2),2)) -> 32 | F10: =+D10/12 -> 2.6666667
A11: 7 | B11: Título profesional y treinta y seis (36) meses de experiencia profesional relacionada. | C11: =IFERROR(FIND("(",B11,100),FIND("(",B11,1)) -> 37 | D11: =VALUE(RIGHT(LEFT(B11,C11+2),2)) -> 36 | F11: =+D11/12 -> 3
A12: 8 | B12: Título profesional y cuarenta (40) meses de experiencia profesional relacionada. | C12: =IFERROR(FIND("(",B12,100),FIND("(",B12,1)) -> 31 | D12: =VALUE(RIGHT(LEFT(B12,C12+2),2)) -> 40 | F12: =+D12/12 -> 3.3333333
A13: 9 | B13: Título profesional y cuarenta y cuatro (44) meses de experiencia profesional relacionada. | C13: =IFERROR(FIND("(",B13,100),FIND("(",B13,1)) -> 40 | D13: =VALUE(RIGHT(LEFT(B13,C13+2),2)) -> 44 | F13: =+D13/12 -> 3.6666667
A14: 10 | B14: Título profesional, Título de postgrado en la modalidad de especialización y veinticuatro (24) meses de experiencia profesional relacionada. | C14: =IFERROR(FIND("(",B14,100),FIND("(",B14,1)) -> 91 | D14: =VALUE(RIGHT(LEFT(B14,C14+2),2)) -> 24 | E14: 24 | F14: =(D14+E14)/12 -> 4
A15: 11 | B15: Título profesional, Título de postgrado en la modalidad de especialización y veintiocho (28) meses de experiencia profesional relacionada. | C15: =IFERROR(FIND("(",B15,100),FIND("(",B15,1)) -> 89 | D15: =VALUE(RIGHT(LEFT(B15,C15+2),2)) -> 28 | E15: 24 | F15: =(D15+E15)/12 -> 4.3333333
A16: 12 | B16: Título profesional, Título de postgrado en la modalidad de especialización y treinta y dos (32) meses de experiencia profesional relacionada. | C16: =IFERROR(FIND("(",B16,100),FIND("(",B16,1)) -> 92 | D16: =VALUE(RIGHT(LEFT(B16,C16+2),2)) -> 32 | E16: 24 | F16: =(D16+E16)/12 -> 4.6666667
A17: 13 | B17: Título profesional, Título de postgrado en la modalidad de especialización y treinta y seis (36) meses de experiencia profesional relacionada. | C17: =IFERROR(FIND("(",B17,100),FIND("(",B17,1)) -> 93 | D17: =VALUE(RIGHT(LEFT(B17,C17+2),2)) -> 36 | E17: 24 | F17: =(D17+E17)/12 -> 5
A18: 14 | B18: Título profesional, Título de postgrado en la modalidad de especialización y cuarenta (40) meses de experiencia profesional relacionada. | C18: =IFERROR(FIND("(",B18,100),FIND("(",B18,1)) -> 87 | D18: =VALUE(RIGHT(LEFT(B18,C18+2),2)) -> 40 | E18: 24 | F18: =(D18+E18)/12 -> 5.3333333
A19: 15 | B19: Título profesional, Título de postgrado en la modalidad de especialización y cuarenta y cuatro (44) meses de experiencia profesional relacionada. | C19: =IFERROR(FIND("(",B19,100),FIND("(",B19,1)) -> 96 | D19: =VALUE(RIGHT(LEFT(B19,C19+2),2)) -> 44 | E19: 24 | F19: =(D19+E19)/12 -> 5.6666667
A20: 16 | B20: Título profesional, Título de postgrado en la modalidad de especialización y cuarenta y ocho (48) meses de experiencia profesional relacionada. | C20: =IFERROR(FIND("(",B20,100),FIND("(",B20,1)) -> 94 | D20: =VALUE(RIGHT(LEFT(B20,C20+2),2)) -> 48 | E20: 24 | F20: =(D20+E20)/12 -> 6
A21: 17 | B21: Título profesional, Título de postgrado en la modalidad de especialización y cincuenta y dos (52) meses de experiencia profesional relacionada. | C21: =IFERROR(FIND("(",B21,100),FIND("(",B21,1)) -> 94 | D21: =VALUE(RIGHT(LEFT(B21,C21+2),2)) -> 52 | E21: 24 | F21: =(D21+E21)/12 -> 6.3333333
A22: 18 | B22: Título profesional, Título de postgrado en la modalidad de especialización y cincuenta y seis (56) meses de experiencia profesional relacionada. | C22: =IFERROR(FIND("(",B22,100),FIND("(",B22,1)) -> 95 | D22: =VALUE(RIGHT(LEFT(B22,C22+2),2)) -> 56 | E22: 24 | F22: =(D22+E22)/12 -> 6.6666667
A23: 19 | B23: Título profesional, Título de postgrado en la modalidad de especialización y sesenta (60) meses de experiencia profesional relacionada. | C23: =IFERROR(FIND("(",B23,100),FIND("(",B23,1)) -> 86 | D23: =VALUE(RIGHT(LEFT(B23,C23+2),2)) -> 60 | E23: 24 | F23: =(D23+E23)/12 -> 7
A24: 20 | B24: Título profesional, Título de postgrado en la modalidad de maestría y cincuenta y dos (52) meses de experiencia profesional relacionada o Título de postgrado en la modalidad de especialización y sesenta y cuatro (64) meses de experiencia profesional relacionada. | C24: =IFERROR(FIND("(",B24,100),FIND("(",B24,1)) -> 213 | D24: =VALUE(RIGHT(LEFT(B24,C24+2),2)) -> 64 | E24: 24 | F24: =(D24+E24)/12 -> 7.3333333
A25: 21 | B25: Título profesional, Título de postgrado en la modalidad de maestría y cincuenta y seis (56) meses de experiencia profesional relacionada o Título de postgrado en la modalidad de especialización y sesenta y ocho (68) meses de experiencia profesional relacionada. | C25: =IFERROR(FIND("(",B25,100),FIND("(",B25,1)) -> 212 | D25: =VALUE(RIGHT(LEFT(B25,C25+2),2)) -> 68 | E25: 24 | F25: =(D25+E25)/12 -> 7.6666667
... A32: 28 | B32: Título profesional, título de posgrado en la modalidad de maestría y ochenta y cuatro (84) meses de experiencia profesional relacionada o título de posgrado en la modalidad de especialización y noventa y seis (96) meses de experiencia relacionada. | C32: =IFERROR(FIND("(",B32,100),FIND("(",B32,1)) -> 210 | D32: =VALUE(RIGHT(LEFT(B32,C32+2),2)) -> 96 | E32: 24 | F32: =(D32+E32)/12 -> 10
A36: PARÁGRAFO . En este nivel no podrá ser compensado el Título Profesional.
A40: (Decreto 1785 de 2014, art. 17)
A44: ARTÍCULO 2.2.2.4.3 Requisitos del nivel asesor. Serán requisitos para los empleos del nivel asesor, los siguientes:
A47: Grados | B47: Requisitos generales
A48: 1 | B48: Título profesional y diez (10) meses de experiencia profesional relacionada. | C48: =IFERROR(FIND("(",B48,100),FIND("(",B48,1)) -> 27 | D48: =VALUE(RIGHT(LEFT(B48,C48+2),2)) -> 10 | F48: =(D48+E48)/12 -> 0.83333333
A49: 2 | B49: Título profesional y quince (15) meses de experiencia profesional relacionada. | C49: =IFERROR(FIND("(",B49,100),FIND("(",B49,1)) -> 29 | D49: =VALUE(RIGHT(LEFT(B49,C49+2),2)) -> 15 | F49: =(D49+E49)/12 -> 1.25
A50: 3 | B50: Título profesional y veinte (20) meses de experiencia profesional relacionada. | C50: =IFERROR(FIND("(",B50,100),FIND("(",B50,1)) -> 29 | D50: =VALUE(RIGHT(LEFT(B50,C50+2),2)) -> 20 | F50: =(D50+E50)/12 -> 1.6666667
A51: 4 | B51: Título profesional y veinticinco (25) meses de experiencia profesional relacionada. | C51: =IFERROR(FIND("(",B51,100),FIND("(",B51,1)) -> 34 | D51: =VALUE(RIGHT(LEFT(B51,C51+2),2)) -> 25 | F51: =(D51+E51)/12 -> 2.0833333
A52: 5 | B52: Título profesional y treinta (30) meses de experiencia profesional relacionada. | C52: =IFERROR(FIND("(",B52,100),FIND("(",B52,1)) -> 30 | D52: =VALUE(RIGHT(LEFT(B52,C52+2),2)) -> 30 | F52: =(D52+E52)/12 -> 2.5
A53: 6 | B53: Título profesional y treinta y cinco (35) meses de experiencia profesional relacionada. | C53: =IFERROR(FIND("(",B53,100),FIND("(",B53,1)) -> 38 | D53: =VALUE(RIGHT(LEFT(B53,C53+2),2)) -> 35 | F53: =(D53+E53)/12 -> 2.9166667
A54: 7 | B54: Título profesional y cuarenta (40) meses de experiencia profesional relacionada. | C54: =IFERROR(FIND("(",B54,100),FIND("(",B54,1)) -> 31 | D54: =VALUE(RIGHT(LEFT(B54,C54+2),2)) -> 40 | F54: =(D54+E54)/12 -> 3.3333333
A55: 8 | B55: Título profesional, Título de postgrado en la modalidad de especialización y veintiún (21) meses de experiencia profesional relacionada. | C55: =IFERROR(FIND("(",B55,100),FIND("(",B55,1)) -> 87 | D55: =VALUE(RIGHT(LEFT(B55,C55+2),2)) -> 21 | E55: 24 | F55: =(D55+E55)/12 -> 3.75
A56: 9 | B56: Título profesional, Título de postgrado en la modalidad de especialización y veintiséis (26) meses de experiencia profesional relacionada. | C56: =IFERROR(FIND("(",B56,100),FIND("(",B56,1)) -> 89 | D56: =VALUE(RIGHT(LEFT(B56,C56+2),2)) -> 26 | E56: 24 | F56: =(D56+E56)/12 -> 4.1666667
A57: 10 | B57: Título profesional, Título de postgrado en la modalidad de especialización y treinta y un (31) meses de experiencia profesional relacionada. | C57: =IFERROR(FIND("(",B57,100),FIND("(",B57,1)) -> 91 | D57: =VALUE(RIGHT(LEFT(B57,C57+2),2)) -> 31 | E57: 24 | F57: =(D57+E57)/12 -> 4.5833333
A58: 11 | B58: Título profesional, Título de postgrado en la modalidad de especialización y treinta y seis (36) meses de experiencia profesional relacionada. | C58: =IFERROR(FIND("(",B58,100),FIND("(",B58,1)) -> 93 | D58: =VALUE(RIGHT(LEFT(B58,C58+2),2)) -> 36 | E58: 24 | F58: =(D58+E58)/12 -> 5
A59: 12 | B59: Título profesional, Título de postgrado en la modalidad de especialización y cuarenta y un (41) meses de experiencia profesional relacionada. | C59: =IFERROR(FIND("(",B59,100),FIND("(",B59,1)) -> 92 | D59: =VALUE(RIGHT(LEFT(B59,C59+2),2)) -> 41 | E59: 24 | F59: =(D59+E59)/12 -> 5.4166667
A60: 13 | B60: Título profesional, Título de postgrado en la modalidad de especialización y cuarenta y seis (46) meses de experiencia profesional relacionada. | C60: =IFERROR(FIND("(",B60,100),FIND("(",B60,1)) -> 94 | D60: =VALUE(RIGHT(LEFT(B60,C60+2),2)) -> 46 | E60: 24 | F60: =(D60+E60)/12 -> 5.8333333
A61: 14 | B61: Título profesional, Título de postgrado en la modalidad de especialización y cincuenta y un (51) meses de experiencia profesional relacionada. | C61: =IFERROR(FIND("(",B61,100),FIND("(",B61,1)) -> 93 | D61: =VALUE(RIGHT(LEFT(B61,C61+2),2)) -> 51 | E61: 24 | F61: =(D61+E61)/12 -> 6.25
A62: 15 | B62: Título profesional, Título de postgrado en la modalidad de maestría y cuarenta y cuatro (44) meses de experiencia profesional relacionada o Título de postgrado en la modalidad de especialización y cincuenta y seis (56) meses de experiencia profesional relacionada. | C62: =IFERROR(FIND("(",B62,100),FIND("(",B62,1)) -> 215 | D62: =VALUE(RIGHT(LEFT(B62,C62+2),2)) -> 56 | E62: 24 | F62: =(D62+E62)/12 -> 6.6666667
A63: 16 | B63: Título profesional, Título de postgrado en la modalidad de maestría y cuarenta y nueve (49) meses de experiencia profesional relacionada o Título de postgrado en la modalidad de especialización y sesenta y un (61) meses de experiencia profesional relacionada. | C63: =IFERROR(FIND("(",B63,100),FIND("(",B63,1)) -> 210 | D63: =VALUE(RIGHT(LEFT(B63,C63+2),2)) -> 61 | E63: 24 | F63: =(D63+E63)/12 -> 7.0833333
A64: 17 | B64: Título profesional, Título de postgrado en la modalidad de maestría y cincuenta y cuatro (54) meses de experiencia profesional relacionada o Título de postgrado en la modalidad de especialización y sesenta y seis (66) meses de experiencia profesional relacionada. | C64: =IFERROR(FIND("(",B64,100),FIND("(",B64,1)) -> 214 | D64: =VALUE(RIGHT(LEFT(B64,C64+2),2)) -> 66 | E64: 24 | F64: =(D64+E64)/12 -> 7.5
A65: 18 | B65: Título profesional, Título de postgrado en la modalidad de maestría y cincuenta y nueve (59) meses de experiencia profesional relacionada o Título de postgrado en la modalidad de especialización y setenta y un (71) meses de experiencia profesional relacionada. | C65: =IFERROR(FIND("(",B65,100),FIND("(",B65,1)) -> 211 | D65: =VALUE(RIGHT(LEFT(B65,C65+2),2)) -> 71 | E65: 24 | F65: =(D65+E65)/12 -> 7.9166667
A69: PARÁGRAFO . En este nivel no podrá ser compensado el Título Profesional.
A73: (Decreto 1785 de 2014, art. 18)
A77: ARTÍCULO 2.2.2.4.4 Requisitos del nivel profesional. Serán requisitos para los empleos del nivel profesional, los siguientes:
A80: Grados | B80: Requisitos generales
A81: 1 | B81: Título profesional. | C81: =IFERROR(IFERROR(FIND("(",B81,100),FIND("(",B81,1)),0) -> 0 | D81: =IFERROR(IFERROR(VALUE(RIGHT(LEFT(B81,C81+2),2)),VALUE((RIGHT(LEFT(B81,C81+1),1)))),0) -> 0 | F81: =(D81+E81)/12 -> 0
A82: 2 | B82: Título profesional y tres (3) meses de experiencia profesional relacionada. | C82: =IFERROR(IFERROR(FIND("(",B82,100),FIND("(",B82,1)),0) -> 27 | D82: =IFERROR(IFERROR(VALUE(RIGHT(LEFT(B82,C82+2),2)),VALUE((RIGHT(LEFT(B82,C82+1),1)))),0) -> 3 | F82: =(D82+E82)/12 -> 0.25
A83: 3 | B83: Título profesional y seis (6) meses de experiencia profesional relacionada. | C83: =IFERROR(IFERROR(FIND("(",B83,100),FIND("(",B83,1)),0) -> 27 | D83: =IFERROR(IFERROR(VALUE(RIGHT(LEFT(B83,C83+2),2)),VALUE((RIGHT(LEFT(B83,C83+1),1)))),0) -> 6 | F83: =(D83+E83)/12 -> 0.5
A84: 4 | B84: Título profesional y nueve (9) meses de experiencia profesional relacionada. | C84: =IFERROR(IFERROR(FIND("(",B84,100),FIND("(",B84,1)),0) -> 28 | D84: =IFERROR(IFERROR(VALUE(RIGHT(LEFT(B84,C84+2),2)),VALUE((RIGHT(LEFT(B84,C84+1),1)))),0) -> 9 | F84: =(D84+E84)/12 -> 0.75
A85: 5 | B85: Título profesional y doce (12) meses de experiencia profesional relacionada. | C85: =IFERROR(IFERROR(FIND("(",B85,100),FIND("(",B85,1)),0) -> 27 | D85: =IFERROR(IFERROR(VALUE(RIGHT(LEFT(B85,C85+2),2)),VALUE((RIGHT(LEFT(B85,C85+1),1)))),0) -> 12 | F85: =(D85+E85)/12 -> 1
A86: 6 | B86: Título profesional y quince (15) meses de experiencia profesional relacionada. | C86: =IFERROR(IFERROR(FIND("(",B86,100),FIND("(",B86,1)),0) -> 29 | D86: =IFERROR(IFERROR(VALUE(RIGHT(LEFT(B86,C86+2),2)),VALUE((RIGHT(LEFT(B86,C86+1),1)))),0) -> 15 | F86: =(D86+E86)/12 -> 1.25
A87: 7 | B87: Título profesional y dieciocho (18) meses de experiencia profesional relacionada. | C87: =IFERROR(IFERROR(FIND("(",B87,100),FIND("(",B87,1)),0) -> 32 | D87: =IFERROR(IFERROR(VALUE(RIGHT(LEFT(B87,C87+2),2)),VALUE((RIGHT(LEFT(B87,C87+1),1)))),0) -> 18 | F87: =(D87+E87)/12 -> 1.5
A88: 8 | B88: Título profesional y veintiún (21) meses de experiencia profesional relacionada. | C88: =IFERROR(IFERROR(FIND("(",B88,100),FIND("(",B88,1)),0) -> 31 | D88: =IFERROR(IFERROR(VALUE(RIGHT(LEFT(B88,C88+2),2)),VALUE((RIGHT(LEFT(B88,C88+1),1)))),0) -> 21 | F88: =(D88+E88)/12 -> 1.75
A89: 9 | B89: Título profesional y veinticuatro (24) meses de experiencia profesional relacionada. | C89: =IFERROR(IFERROR(FIND("(",B89,100),FIND("(",B89,1)),0) -> 35 | D89: =IFERROR(IFERROR(VALUE(RIGHT(LEFT(B89,C89+2),2)),VALUE((RIGHT(LEFT(B89,C89+1),1)))),0) -> 24 | F89: =(D89+E89)/12 -> 2
A90: 10 | B90: Título profesional y veintisiete (27) meses de experiencia profesional relacionada. | C90: =IFERROR(IFERROR(FIND("(",B90,100),FIND("(",B90,1)),0) -> 34 | D90: =IFERROR(IFERROR(VALUE(RIGHT(LEFT(B90,C90+2),2)),VALUE((RIGHT(LEFT(B90,C90+1),1)))),0) -> 27 | F90: =(D90+E90)/12 -> 2.25
A91: 11 | B91: Título profesional y treinta (30) meses de experiencia profesional relacionada. | C91: =IFERROR(IFERROR(FIND("(",B91,100),FIND("(",B91,1)),0) -> 30 | D91: =IFERROR(IFERROR(VALUE(RIGHT(LEFT(B91,C91+2),2)),VALUE((RIGHT(LEFT(B91,C91+1),1)))),0) -> 30 | F91: =(D91+E91)/12 -> 2.5
A92: 12 | B92: Título profesional y título de posgrado en la modalidad de especialización y siete (7) meses de experiencia profesional relacionada. | C92: =IFERROR(IFERROR(FIND("(",B92,100),FIND("(",B92,1)),0) -> 84 | D92: =IFERROR(IFERROR(VALUE(RIGHT(LEFT(B92,C92+2),2)),VALUE((RIGHT(LEFT(B92,C92+1),1)))),0) -> 7 | E92: 24 | F92: =(D92+E92)/12 -> 2.5833333
A93: 13 | B93: Título profesional, título de posgrado en la modalidad de especialización y diez (10) meses de experiencia profesional relacionada. | C93: =IFERROR(IFERROR(FIND("(",B93,100),FIND("(",B93,1)),0) -> 82 | D93: =IFERROR(IFERROR(VALUE(RIGHT(LEFT(B93,C93+2),2)),VALUE((RIGHT(LEFT(B93,C93+1),1)))),0) -> 10 | E93: 24 | F93: =(D93+E93)/12 -> 2.8333333
A94: 14 | B94: Título profesional, título de posgrado en la modalidad de especialización y trece (13) meses de experiencia profesional relacionada. | C94: =IFERROR(IFERROR(FIND("(",B94,100),FIND("(",B94,1)),0) -> 83 | D94: =IFERROR(IFERROR(VALUE(RIGHT(LEFT(B94,C94+2),2)),VALUE((RIGHT(LEFT(B94,C94+1),1)))),0) -> 13 | E94: 24 | F94: =(D94+E94)/12 -> 3.0833333
A95: 15 | B95: Título profesional, título de posgrado en la modalidad de especialización y dieciséis (16) meses de experiencia profesional relacionada. | C95: =IFERROR(IFERROR(FIND("(",B95,100),FIND("(",B95,1)),0) -> 87 | D95: =IFERROR(IFERROR(VALUE(RIGHT(LEFT(B95,C95+2),2)),VALUE((RIGHT(LEFT(B95,C95+1),1)))),0) -> 16 | E95: 24 | F95: =(D95+E95)/12 -> 3.3333333
A96: 16 | B96: Título profesional, título de posgrado en la modalidad de especialización y diecinueve (19) meses de experiencia profesional relacionada. | C96: =IFERROR(IFERROR(FIND("(",B96,100),FIND("(",B96,1)),0) -> 88 | D96: =IFERROR(IFERROR(VALUE(RIGHT(LEFT(B96,C96+2),2)),VALUE((RIGHT(LEFT(B96,C96+1),1)))),0) -> 19 | E96: 24 | F96: =(D96+E96)/12 -> 3.5833333
A97: 17 | B97: Título profesional, título de posgrado en la modalidad de especialización y veintidós (22) meses de experiencia profesional relacionada. | C97: =IFERROR(IFERROR(FIND("(",B97,100),FIND("(",B97,1)),0) -> 87 | D97: =IFERROR(IFERROR(VALUE(RIGHT(LEFT(B97,C97+2),2)),VALUE((RIGHT(LEFT(B97,C97+1),1)))),0) -> 22 | E97: 24 | F97: =(D97+E97)/12 -> 3.8333333
A98: 18 | B98: Título profesional, título de posgrado en la modalidad de especialización y veinticinco (25) meses de experiencia profesional relacionada. | C98: =IFERROR(IFERROR(FIND("(",B98,100),FIND("(",B98,1)),0) -> 89 | D98: =IFERROR(IFERROR(VALUE(RIGHT(LEFT(B98,C98+2),2)),VALUE((RIGHT(LEFT(B98,C98+1),1)))),0) -> 25 | E98: 24 | F98: =(D98+E98)/12 -> 4.0833333
A99: 19 | B99: Título profesional, título de posgrado en la modalidad de especialización y veintiocho (28) meses de experiencia profesional relacionada. | C99: =IFERROR(IFERROR(FIND("(",B99,100),FIND("(",B99,1)),0) -> 88 | D99: =IFERROR(IFERROR(VALUE(RIGHT(LEFT(B99,C99+2),2)),VALUE((RIGHT(LEFT(B99,C99+1),1)))),0) -> 28 | E99: 24 | F99: =(D99+E99)/12 -> 4.3333333
A100: 20 | B100: Título profesional, título de posgrado en la modalidad de especialización y treinta y uno (31) meses de experiencia profesional relacionada. | C100: =IFERROR(IFERROR(FIND("(",B100,100),FIND("(",B100,1)),0) -> 91 | D100: =IFERROR(IFERROR(VALUE(RIGHT(LEFT(B100,C100+2),2)),VALUE((RIGHT(LEFT(B100,C100+1),1)))),0) -> 31 | E100: 24 | F100: =(D100+E100)/12 -> 4.5833333
A101: 21 | B101: Título profesional, título de posgrado en la modalidad de especialización y treinta y cuatro (34) meses de experiencia profesional relacionada. | C101: =IFERROR(IFERROR(FIND("(",B101,100),FIND("(",B101,1)),0) -> 94 | D101: =IFERROR(IFERROR(VALUE(RIGHT(LEFT(B101,C101+2),2)),VALUE((RIGHT(LEFT(B101,C101+1),1)))),0) -> 34 | E101: 24 | F101: =(D101+E101)/12 -> 4.8333333
A102: 22 | B102: Título profesional, título de posgrado en la modalidad de especialización y treinta y siete (37) meses de experiencia profesional relacionada. | C102: =IFERROR(IFERROR(FIND("(",B102,100),FIND("(",B102,1)),0) -> 93 | D102: =IFERROR(IFERROR(VALUE(RIGHT(LEFT(B102,C102+2),2)),VALUE((RIGHT(LEFT(B102,C102+1),1)))),0) -> 37 | E102: 24 | F102: =(D102+E102)/12 -> 5.0833333
A103: 23 | B103: Título profesional, título de posgrado en la modalidad de especialización y cuarenta (40) meses de experiencia profesional relacionada. | C103: =IFERROR(IFERROR(FIND("(",B103,100),FIND("(",B103,1)),0) -> 86 | D103: =IFERROR(IFERROR(VALUE(RIGHT(LEFT(B103,C103+2),2)),VALUE((RIGHT(LEFT(B103,C103+1),1)))),0) -> 40 | E103: 24 | F103: =(D103+E103)/12 -> 5.3333333
A104: 24 | B104: Título profesional, título de posgrado en la modalidad de especialización y cuarenta y tres (43) meses de experiencia profesional relacionada. | C104: =IFERROR(IFERROR(FIND("(",B104,100),FIND("(",B104,1)),0) -> 93 | D104: =IFERROR(IFERROR(VALUE(RIGHT(LEFT(B104,C104+2),2)),VALUE((RIGHT(LEFT(B104,C104+1),1)))),0) -> 43 | E104: 24 | F104: =(D104+E104)/12 -> 5.5833333
A108: PARÁGRAFO . En este nivel no podrá ser compensado el título profesional.
D110: DATOS DE PROYECTO
D111: DATOS EXTERNOS
A112: (Decreto 1785 de 2014, art. 19) | D112: DATOS FIJOS Y CÁLCULOS
A116: ARTÍCULO 2.2.2.4.5 Requisitos del nivel técnico. Serán requisitos para los empleos del nivel técnico, los siguientes.
A119: Grados | B119: Requisitos generales
A120: 1 | B120: Diploma de bachiller. | C120: =IFERROR(IFERROR(FIND("(",B120,100),FIND("(",B120,1)),0) -> 0 | D120: =IFERROR(IFERROR(VALUE(RIGHT(LEFT(B120,C120+2),2)),VALUE((RIGHT(LEFT(B120,C120+1),1)))),0) -> 0 | E120: BACHILLER | F120: =+D120/12 -> 0
A121: 2 | B121: Diploma de bachiller y cuatro (4) meses de experiencia relacionada o laboral. | C121: =IFERROR(IFERROR(FIND("(",B121,100),FIND("(",B121,1)),0) -> 31 | D121: =IFERROR(IFERROR(VALUE(RIGHT(LEFT(B121,C121+2),2)),VALUE((RIGHT(LEFT(B121,C121+1),1)))),0) -> 4 | E121: BACHILLER | F121: =+D121/12 -> 0.33333333
A122: 3 | B122: Diploma de bachiller y ocho (8) meses de experiencia relacionada o laboral. | C122: =IFERROR(IFERROR(FIND("(",B122,100),FIND("(",B122,1)),0) -> 29 | D122: =IFERROR(IFERROR(VALUE(RIGHT(LEFT(B122,C122+2),2)),VALUE((RIGHT(LEFT(B122,C122+1),1)))),0) -> 8 | E122: BACHILLER | F122: =+D122/12 -> 0.66666667
A123: 4 | B123: Diploma de bachiller y doce (12) meses de experiencia relacionada o laboral. | C123: =IFERROR(IFERROR(FIND("(",B123,100),FIND("(",B123,1)),0) -> 29 | D123: =IFERROR(IFERROR(VALUE(RIGHT(LEFT(B123,C123+2),2)),VALUE((RIGHT(LEFT(B123,C123+1),1)))),0) -> 12 | E123: BACHILLER | F123: =+D123/12 -> 1
A124: 5 | B124: Diploma de bachiller y dieciséis (16) meses de experiencia relacionada o laboral. | C124: =IFERROR(IFERROR(FIND("(",B124,100),FIND("(",B124,1)),0) -> 34 | D124: =IFERROR(IFERROR(VALUE(RIGHT(LEFT(B124,C124+2),2)),VALUE((RIGHT(LEFT(B124,C124+1),1)))),0) -> 16 | E124: BACHILLER | F124: =+D124/12 -> 1.3333333
A125: 6 | B125: Diploma de bachiller y veinte (20) meses de experiencia relacionada o laboral. | C125: =IFERROR(IFERROR(FIND("(",B125,100),FIND("(",B125,1)),0) -> 31 | D125: =IFERROR(IFERROR(VALUE(RIGHT(LEFT(B125,C125+2),2)),VALUE((RIGHT(LEFT(B125,C125+1),1)))),0) -> 20 | E125: BACHILLER | F125: =+D125/12 -> 1.6666667
A126: 7 | B126: Aprobación de dos (2) años de educación superior de pregrado. | C126: =IFERROR(IFERROR(FIND("(",B126,100),FIND("(",B126,1)),0) -> 19 | D126: 0 | E126: ESTUDIANTE PREGRADO | F126: 2
A127: 8 | B127: Aprobación de dos (2) años de educación superior de pregrado y tres (3) meses de experiencia relacionada o laboral. | C127: =IFERROR(IFERROR(FIND("(",B127,60),FIND("(",B127,1)),0) -> 69 | D127: =IFERROR(IFERROR(VALUE(RIGHT(LEFT(B127,C127+2),2)),VALUE((RIGHT(LEFT(B127,C127+1),1)))),0) -> 3 | E127: ESTUDIANTE PREGRADO | F127: =+D127/12 -> 0.25
A128: 9 | B128: Aprobación de dos (2) años de educación superior de pregrado y seis (6) meses de experiencia relacionada o laboral. | C128: =IFERROR(IFERROR(FIND("(",B128,60),FIND("(",B128,1)),0) -> 69 | D128: =IFERROR(IFERROR(VALUE(RIGHT(LEFT(B128,C128+2),2)),VALUE((RIGHT(LEFT(B128,C128+1),1)))),0) -> 6 | E128: ESTUDIANTE PREGRADO | F128: =+D128/12 -> 0.5
A129: 10 | B129: Título de formación técnica profesional o aprobación de dos (2) años de educación superior de pregrado y nueve (9) meses de experiencia relacionada o laboral. | C129: =IFERROR(IFERROR(FIND("(",B129,100),FIND("(",B129,1)),0) -> 112 | D129: 0 | E129: TÉCNICA PROFESIONAL | F129: =+D129/12 -> 0
A130: 11 | B130: Título de formación técnica profesional y tres (3) meses de experiencia relacionada o laboral o aprobación de dos (2) años de educación superior de pregrado y doce (12) meses de experiencia relacionada o laboral. | C130: =IFERROR(IFERROR(FIND("(",B130,1),FIND("(",B130,1)),0) -> 48 | D130: =IFERROR(IFERROR(VALUE(RIGHT(LEFT(B130,C130+2),2)),VALUE((RIGHT(LEFT(B130,C130+1),1)))),0) -> 3 | E130: TÉCNICA PROFESIONAL | F130: =+D130/12 -> 0.25
A131: 12 | B131: Título de formación técnica profesional y seis (6) meses de experiencia relacionada o laboral o aprobación de tres (3) años de educación superior en la modalidad de formación tecnológica o profesional o universitaria y tres (3) meses de experiencia relacionada o laboral. | C131: =IFERROR(IFERROR(FIND("(",B131,1),FIND("(",B131,1)),0) -> 48 | D131: 6 | E131: TÉCNICA PROFESIONAL | F131: =+D131/12 -> 0.5
A132: 13 | B132: Título de formación técnica profesional y nueve (9) meses de experiencia relacionada o laboral o aprobación de tres (3) años de educación superior en la modalidad de formación tecnológica o profesional o universitaria y seis (6) meses de experiencia relacionada o laboral. | C132: =IFERROR(IFERROR(FIND("(",B132,1),FIND("(",B132,1)),0) -> 49 | D132: 9 | E132: TÉCNICA PROFESIONAL | F132: =+D132/12 -> 0.75
A133: 14 | B133: Título de formación tecnológica o aprobación de tres (3) años de educación superior en la modalidad de formación tecnológica o profesional o universitaria y nueve (9) meses de experiencia relacionada o laboral. | C133: =IFERROR(IFERROR(FIND("(",B133,1),FIND("(",B133,1)),0) -> 54 | D133: 0 | E133: TECNÓLOGO | F133: =+D133/12 -> 0
A134: 15 | B134: Título de formación tecnológica y tres (3) meses de experiencia relacionada o laboral o aprobación de tres (3) años de educación superior en la modalidad de formación tecnológica o profesional o universitaria y doce meses (12) meses de experiencia relacionada o laboral. | C134: =IFERROR(IFERROR(FIND("(",B134,1),FIND("(",B134,1)),0) -> 40 | D134: 3 | E134: TECNÓLOGO | F134: =+D134/12 -> 0.25
A135: 16 | B135: Título de formación tecnológica y seis (6) meses de experiencia relacionada o laboral o aprobación de tres (3) años de educación superior en la modalidad de formación tecnológica o profesional o universitaria y quince (15) meses de experiencia relacionada o laboral. | C135: =IFERROR(IFERROR(FIND("(",B135,1),FIND("(",B135,1)),0) -> 40 | D135: 6 | E135: TECNÓLOGO | F135: =+D135/12 -> 0.5
A136: 17 | B136: Título de formación tecnológica y nueve (9) meses de experiencia relacionada o laboral o Título de formación tecnológica con especialización o aprobación de cuatro (4) años de educación superior en la modalidad de formación profesional y seis (6) meses de experiencia relacionada o laboral. | C136: =IFERROR(IFERROR(FIND("(",B136,1),FIND("(",B136,1)),0) -> 41 | D136: 9 | E136: TECNÓLOGO | F136: =+D136/12 -> 0.75
A137: 18 | B137: Título de formación tecnológica con especialización y tres (3) meses de experiencia relacionada o laboral o terminación y aprobación del pensum académico de educación superior en la modalidad de formación profesional y tres (3) meses de experiencia relacionada o laboral. | C137: =IFERROR(IFERROR(FIND("(",B137,1),FIND("(",B137,1)),0) -> 60 | D137: =IFERROR(IFERROR(VALUE(RIGHT(LEFT(B137,C137+2),2)),VALUE((RIGHT(LEFT(B137,C137+1),1)))),0) -> 3 | E137: TECNÓLOGO CON ESPECIALIZACIÓN | F137: =+D137/12 -> 0.25
A141: PARÁGRAFO . Los estudios de educación superior que se exijan, deberán referirse a una misma disciplina académica o profesión. En este nivel sólo se podrá compensar hasta tres (3) años de educación superior, siempre y cuando se acredite el diploma de bachiller. Para los grados del 01 al 06 el diploma de bachiller podrá compensarse siempre y cuando se acredite la aprobación de cuatro (4) años de educación básica secundaria.
A145: Cuando se trate de un empleo clasificado en los grados 01 a 08, cuyas funciones correspondan a un oficio específico, se podrá compensar cada año de educación por un (1) año de experiencia en la especialidad funcional.
...

Sheet SUPUESTOS MACRO BANREP
G1: Años
G2: 2010 | H2: 2011 | I2: 2012 | J2: 2013 | K2: 2014 | L2: 2015 | M2: 2016 | N2: 2017 | O2: 2018 | P2: 2019 | Q2: 2020 | R2: 2021 | S2: 2022 | T2: 2023 | U2: 2024 | V2: 2025 | W2: 2026 | X2: 2027
A3: Variables exógenas
A4: Externas a/
B5: PIB socios comerciales b/ | F5: Porcentaje, var. anual, corregido por estacionalidad | G5: 5 | H5: 5.1 | I5: 4.1 | J5: 4 | K5: 2.8 | L5: 2 | M5: 1.6 | N5: 3.2 | O5: 2.5 | P5: 1.5 | Q5: -6.6 | R5: 8.3 | S5: 3.7 | T5: 2.4 | U5: 1.8 | V5: 2.4 | W5: 2.2 | X5: 2.1
B6: Precio del petróleo (referencia Brent) | F6: Dólares por barril, promedio del período | G6: 80 | H6: 111 | I6: 112 | J6: 109 | K6: 99 | L6: 54 | M6: 45 | N6: 55 | O6: 72 | P6: 64 | Q6: 43 | R6: 71 | S6: 99 | T6: 82 | U6: 80 | V6: 68 | W6: 59 | X6: 59
B7: Términos de intercambioc/ | F7: Índice, 2000 = 100 | G7: 160 | H7: 184 | I7: 174 | J7: 161 | K7: 147 | L7: 110 | M7: 109 | N7: 128 | O7: 140 | P7: 138 | Q7: 117 | R7: 140 | S7: 170 | T7: 154 | U7: 155 | V7: 166 | W7: 161 | X7: 159
B8: Tasa de interés efectiva de fondos federales (Fed) | F8: Porcentaje, promedio del período | G8: 0.2 | H8: 0.1 | I8: 0.1 | J8: 0.1 | K8: 0.1 | L8: 0.1 | M8: 0.4 | N8: 1 | O8: 1.8 | P8: 2.2 | Q8: 0.4 | R8: 0.1 | S8: 1.7 | T8: 5 | U8: 5.1 | V8: 4.2 | W8: 3.4 | X8: 3.1
B9: Credit Default Swap a 5 años para Colombia | F9: Puntos básicos, promedio del periodo | G9: 135 | H9: 131 | I9: 120 | J9: 113 | K9: 101 | L9: 184 | M9: 212 | N9: 129 | O9: 114 | P9: 99 | Q9: 142 | R9: 142 | S9: 259 | T9: 246 | U9: 187 | V9: 210 | W9: 220 | X9: 235
A10: Internas
B11: Tasa de interés real neutral para Colombia | F11: Porcentaje, promedio del período | G11: 1.8 | H11: 1.7 | I11: 1.6 | J11: 1.5 | K11: 1.4 | L11: 1.5 | M11: 1.6 | N11: 1.3 | O11: 1.3 | P11: 1.2 | Q11: 1.3 | R11: 1.5 | S11: 2 | T11: 2.2 | U11: 2.4 | V11: 2.7 | W11: 3.1 | X11: 3.3
B12: PIB potencial para Colombia (tendencial) | F12: Porcentaje, var. anual | G12: 4.4 | H12: 4.5 | I12: 4.3 | J12: 4.1 | K12: 3.7 | L12: 3.2 | M12: 2.8 | N12: 2.6 | O12: 2.7 | P12: 2.6 | Q12: -1.3 | R12: 4.1 | S12: 3.6 | T12: 2.8 | U12: 2.7 | V12: 2.8 | W12: 2.8 | X12: 2.7
A13: Variables endógenas
A14: Precios
B15: IPC total d/ | F15: Porcentaje, var. anual, fin del período | G15: 3.2 | H15: 3.7 | I15: 2.4 | J15: 1.9 | K15: 3.7 | L15: 6.8 | M15: 5.7 | N15: 4.1 | O15: 3.2 | P15: 3.8 | Q15: 1.6 | R15: 5.6 | S15: 13.1 | T15: 9.3 | U15: 5.2 | V15: 5.1 | W15: 6.3 | X15: 3.7
B16: IPC sin alimentos e/ | F16: Porcentaje, var. anual, fin del período | G16: 3 | H16: 3.4 | I16: 2.7 | J16: 2.5 | K16: 3.3 | L16: 5.3 | M16: 5.5 | N16: 5 | O16: 3.5 | P16: 3.5 | Q16: 1 | R16: 3.4 | S16: 10 | T16: 10.3 | U16: 5.6 | V16: 5.1 | W16: . | X16: .
C17: IPC bienes (sin alimentos ni regulados) | F17: Porcentaje, var. anual, fin del período | G17: -0.1 | H17: 0.2 | I17: 0.6 | J17: 0.9 | K17: 1.8 | L17: 7.3 | M17: 5.9 | N17: 3.2 | O17: 1.4 | P17: 2.2 | Q17: 0.6 | R17: 3.3 | S17: 15 | T17: 7.1 | U17: 0.6 | V17: 2.6 | W17: . | X17: .
C18: IPC servicios (sin alimentos ni regulados) | F18: Porcentaje, var. anual, fin del período | G18: 3.2 | H18: 4 | I18: 3.9 | J18: 3.7 | K18: 3.3 | L18: 4.6 | M18: 5.3 | N18: 5.4 | O18: 3.1 | P18: 3.5 | Q18: 1.3 | R18: 2.2 | S18: 7.4 | T18: 9 | U18: 7 | V18: 5.9 | W18: . | X18: .
C19: IPC regulados | F19: Porcentaje, var. anual, fin del período | G19: 6.4 | H19: 5.8 | I19: 2.3 | J19: 1.6 | K19: 4.9 | L19: 4.4 | M19: 5.6 | N19: 6.3 | O19: 6.7 | P19: 4.8 | Q19: 0.7 | R19: 7.1 | S19: 11.8 | T19: 17.2 | U19: 7.3 | V19: 5.4 | W19: 6.8 | X19: 3.9
B20: IPC alimentos f/ | F20: Porcentaje, var. anual, fin del período | G20: 3.9 | H20: 5.1 | I20: 1.5 | J20: -0.2 | K20: 5.2 | L20: 13.1 | M20: 6.7 | N20: 0.5 | O20: 1.9 | P20: 5.8 | Q20: 4.8 | R20: 17.2 | S20: 27.8 | T20: 5 | U20: 3.3 | V20: 5.1 | W20: 5.6 | X20: 3.1
C21: IPC perecederos | F21: Porcentaje, var. anual, fin del período | G21: 11 | H21: 7.7 | I21: -3.9 | J21: -0.2 | K21: 16.7 | L21: 26 | M21: -6.6 | N21: 5.8 | O21: 8.9 | P21: 8.7 | Q21: 2.5 | R21: 24.4 | S21: 36.4 | T21: -0.5 | U21: 5.1 | V21: 3.8 | W21: . | X21: .
C22: IPC procesados | F22: Porcentaje, var. anual, fin del período | G22: 2.3 | H22: 4.5 | I22: 2.8 | J22: -0.2 | K22: 2.5 | L22: 9.6 | M22: 10.7 | N22: -0.9 | O22: -0.1 | P22: 5 | Q22: 5.4 | R22: 15.3 | S22: 25.3 | T22: 6.7 | U22: 2.8 | V22: 5.5 | W22: . | X22: .
B23: Indicadores de inflación básica g/
C24: IPC sin alimentos | F24: Porcentaje, var. anual, fin del período | G24: 3 | H24: 3.4 | I24: 2.7 | J24: 2.5 | K24: 3.3 | L24: 5.3 | M24: 5.5 | N24: 5 | O24: 3.5 | P24: 3.5 | Q24: 1 | R24: 3.4 | S24: 10 | T24: 10.3 | U24: 5.6 | V24: 5.1 | W24: . | X24: .
C25: IPC núcleo 15 | F25: Porcentaje, var. anual, fin del período | G25: 2.7 | H25: 3.5 | I25: 2.7 | J25: 2.5 | K25: 3.2 | L25: 5.6 | M25: 6 | N25: 4.2 | O25: 3.2 | P25: 3.8 | Q25: 1.9 | R25: 4.4 | S25: 11.6 | T25: 9.5 | U25: 5.4 | V25: 5.3 | W25: . | X25: .
C26: IPC sin alimentos ni regulados | F26: Porcentaje, var. anual, fin del período | G26: 2.1 | H26: 2.7 | I26: 2.8 | J26: 2.7 | K26: 2.8 | L26: 5.5 | M26: 5.5 | N26: 4.7 | O26: 2.6 | P26: 3.1 | Q26: 1.1 | R26: 2.5 | S26: 9.5 | T26: 8.4 | U26: 5.2 | V26: 5 | W26: 6.3 | X26: 3.8
C27: Promedio de todos los indicadores de inflación básica | F27: Porcentaje, var. anual, fin del período | G27: 2.6 | H27: 3.2 | I27: 2.7 | J27: 2.6 | K27: 3.1 | L27: 5.4 | M27: 5.7 | N27: 4.6 | O27: 3.1 | P27: 3.4 | Q27: 1.3 | R27: 3.4 | S27: 10.4 | T27: 9.4 | U27: 5.4 | V27: 5.1 | W27: . | X27: .
B28: TRM | F28: Pesos por dólar, promedio del período | G28: 1898 | H28: 1848 | I28: 1798 | J28: 1869 | K28: 2001 | L28: 2746 | M28: 3053 | N28: 2951 | O28: 2957 | P28: 3282 | Q28: 3691 | R28: 3747 | S28: 4257 | T28: 4330 | U28: 4074 | V28: 4053 | W28: . | X28: .
B29: Brecha inflacionaria de la tasa de cambio real | F29: Porcentaje, promedio del período | G29: -2.8 | H29: -1 | I29: -2.3 | J29: 0 | K29: -0.8 | L29: 8.1 | M29: 1.2 | N29: -2.5 | O29: -1.1 | P29: 2.7 | Q29: 5.4 | R29: 2.3 | S29: 7.5 | T29: 0.4 | U29: -3.1 | V29: -3.2 | W29: -6.1 | X29: -1.6
A30: Actividad económica
B31: Producto interno bruto | F31: Porcentaje, var. anual, daec | G31: 4.5 | H31: 6.9 | I31: 3.9 | J31: 5.1 | K31: 4.5 | L31: 3 | M31: 2.1 | N31: 1.4 | O31: 2.6 | P31: 3.2 | Q31: -7.2 | R31: 10.8 | S31: 7.3 | T31: 0.7 | U31: 1.6 | V31: 2.9 | W31: 2.6 | X31: 1.6
C32: Gasto de consumo final | F32: Porcentaje, var. anual, daec | G32: 5.1 | H32: 5.7 | I32: 5.5 | J32: 5.4 | K32: 4.3 | L32: 3.4 | M32: 1.6 | N32: 2.3 | O32: 4 | P32: 4.3 | Q32: -4.2 | R32: 13.8 | S32: 9 | T32: 0.6 | U32: 1.4 | V32: 4.5 | W32: . | X32: .
D33: Gasto de consumo final de los hogares | F33: Porcentaje, var. anual, daec | G33: 5.1 | H33: 5.5 | I33: 5.6 | J33: 4.6 | K33: 4.2 | L33: 3.1 | M33: 1.6 | N33: 2.1 | O33: 3.2 | P33: 4.1 | Q33: -5 | R33: 14.7 | S33: 10.8 | T33: 0.4 | U33: 1.6 | V33: 4 | W33: . | X33: .
D34: Gasto de consumo final del Gobierno General | F34: Porcentaje, var. anual, daec | G34: 5.2 | H34: 6.5 | I34: 4.8 | J34: 8.9 | K34: 4.7 | L34: 4.9 | M34: 1.8 | N34: 3.6 | O34: 7.4 | P34: 5.3 | Q34: -0.8 | R34: 9.8 | S34: 1 | T34: 1.6 | U34: 0.7 | V34: 6.7 | W34: . | X34: .
C35: Formación bruta de capital | F35: Porcentaje, var. anual, daec | G35: 9.6 | H35: 18.5 | I35: 2.9 | J35: 7.8 | K35: 12 | L35: -1.2 | M35: -0.2 | N35: -3.2 | O35: 1.5 | P35: 3 | Q35: -20.7 | R35: 11.6 | S35: 16 | T35: -16 | U35: 5.2 | V35: 5.6 | W35: . | X35: .
D36: Formación bruta de capital fijo | F36: Porcentaje, var. anual, daec | G36: 7.1 | H36: 12.2 | I36: 3.3 | J36: 8.5 | K36: 9.2 | L36: 2.8 | M36: -2.9 | N36: 1.9 | O36: 1 | P36: 2.2 | Q36: -23.6 | R36: 16.7 | S36: 11.5 | T36: -12.7 | U36: 3.2 | V36: 3 | W36: . | X36: .
E37: Vivienda | F37: Porcentaje, var. anual, daec | G37: -3.8 | H37: 2.4 | I37: -0.7 | J37: 6.4 | K37: 10.4 | L37: 9.5 | M37: -0.2 | N37: -1.9 | O37: -0.4 | P37: -8.9 | Q37: -32.7 | R37: 39.8 | S37: 2 | T37: -4.4 | U37: -2.4 | V37: -8.5 | W37: . | X37: .
E38: Otros edificios y estructuras | F38: Porcentaje, var. anual, daec | G38: 5.1 | H38: -0.9 | I38: 4.4 | J38: 12.3 | K38: 9.6 | L38: 10.2 | M38: 0 | N38: 4.6 | O38: -3.5 | P38: 1.1 | Q38: -30.8 | R38: 0.9 | S38: -4.3 | T38: -5.5 | U38: 9.6 | V38: 0.1 | W38: . | X38: .
E39: Maquinaria y equipo | F39: Porcentaje, var. anual, daec | G39: 15.6 | H39: 29.3 | I39: 4 | J39: 4.8 | K39: 9.2 | L39: -9.3 | M39: -7.9 | N39: 1.4 | O39: 8.6 | P39: 12.3 | Q39: -13.3 | R39: 23.3 | S39: 30.5 | T39: -22.6 | U39: 1.7 | V39: 12.4 | W39: . | X39: .
E40: Recursos biológicos cultivados | F40: Porcentaje, var. anual, daec | G40: 2.8 | H40: 11.2 | I40: -5.7 | J40: 6.6 | K40: -1.3 | L40: 2.3 | M40: 13.1 | N40: 0.3 | O40: -3.1 | P40: 7.9 | Q40: -1.8 | R40: -0.9 | S40: -12.5 | T40: 5 | U40: 8.2 | V40: 3.9 | W40: . | X40: .
E41: Productos de propiedad intelectual | F41: Porcentaje, var. anual, daec | G41: -0.5 | H41: 13.1 | I41: 8 | J41: 19.6 | K41: 5.1 | L41: 1.3 | M41: -12 | N41: 1.2 | O41: 1.5 | P41: -0.7 | Q41: -8.3 | R41: 3.4 | S41: 7.3 | T41: 2 | U41: -0.3 | V41: -0.2 | W41: . | X41: .
C42: Demanda interna | F42: Porcentaje, var. anual, daec | G42: 6 | H42: 8.4 | I42: 4.9 | J42: 5.9 | K42: 6 | L42: 2.4 | M42: 1.2 | N42: 1.1 | O42: 3.5 | P42: 4 | Q42: -7.5 | R42: 13.4 | S42: 10.3 | T42: -2.5 | U42: 2 | V42: 4.6 | W42: . | X42: .
C43: Exportaciones | F43: Porcentaje, var. anual, daec | G43: 2.1 | H43: 12.3 | I43: 4.5 | J43: 4.7 | K43: -0.3 | L43: 1.7 | M43: -0.2 | N43: 2.6 | O43: 0.6 | P43: 3.1 | Q43: -22.5 | R43: 14.6 | S43: 12.5 | T43: 3.1 | U43: 2.5 | V43: 1 | W43: . | X43: .
C44: Importaciones | F44: Porcentaje, var. anual, daec | G44: 10.8 | H44: 20.2 | I44: 9.4 | J44: 8.5 | K44: 7.8 | L44: -1.1 | M44: -3.5 | N44: 1 | O44: 5.8 | P44: 7.3 | Q44: -20.1 | R44: 26.7 | S44: 24 | T44: -9.9 | U44: 4.4 | V44: 10.3 | W44: . | X44: .
B45: Brecha del producto h/ | F45: Porcentaje | G45: -2.3 | H45: -0.1 | I45: -0.4 | J45: 0.5 | K45: 1.3 | L45: 1 | M45: 0.4 | N45: -0.8 | O45: -0.9 | P45: -0.3 | Q45: -6.4 | R45: -0.3 | S45: 3.3 | T45: 1.3 | U45: 0.2 | V45: 0.3 | W45: 0.2 | X45: -0.9
B46: Indicadores coyunturales
C47: Producción real de la industria manufacturera | F47: Porcentaje, var. anual, corregido por estacionalidad | G47: 4 | H47: 4.7 | I47: -0.2 | J47: -1.3 | K47: 1.7 | L47: 2.2 | M47: 3.5 | N47: 0 | O47: 2.9 | P47: 1.3 | Q47: -8.1 | R47: 16.2 | S47: 10.4 | T47: -4.7 | U47: -2.5 | V47: . | W47: . | X47: .
C48: Ventas del comercio al por menor, sin combustibles ni vehículos | F48: Porcentaje, var. anual, corregido por estacionalidad | G48: 7.7 | H48: 7.6 | I48: 4.2 | J48: 4.6 | K48: 8.4 | L48: 6.3 | M48: 2 | N48: -0.1 | O48: 5.5 | P48: 8.1 | Q48: -1.6 | R48: 12 | S48: 9.4 | T48: -3.9 | U48: 1.5 | V48: . | W48: . | X48: .
C49: Producción de café | F49: Porcentaje, var. anual, producción acumulada del período | G49: 14.2 | H49: -12.5 | I49: -0.8 | J49: 40.6 | K49: 11.5 | L49: 16.8 | M49: 0.4 | N49: -0.3 | O49: -4.5 | P49: 8.8 | Q49: -5.8 | R49: -9.5 | S49: -11.9 | T49: 2.4 | U49: 23.4 | V49: -2.3 | W49: . | X49: .
C50: Producción de petróleo | F50: Porcentaje, var. anual, promedio del período | G50: 17.1 | H50: 16.5 | I50: 3.2 | J50: 6.8 | K50: -1.8 | L50: 1.5 | M50: -11.9 | N50: -3.6 | O50: 1.3 | P50: 2.4 | Q50: -11.8 | R50: -5.8 | S50: 2.4 | T50: 3 | U50: -0.6 | V50: . | W50: . | X50: .
A51: Mercado laboral i/
B52: Total nacional
C53: Tasa de desempleo | F53: Porcentaje, corregido por estacionalidad, promedio del período | G53: 12 | H53: 11.1 | I53: 10.6 | J53: 9.9 | K53: 9.4 | L53: 9.2 | M53: 9.5 | N53: 9.7 | O53: 10 | P53: 10.9 | Q53: 16.7 | R53: 13.8 | S53: 11.2 | T53: 10.2 | U53: 10.2 | V53: . | W53: . | X53: .
C54: Tasa de ocupación | F54: Porcentaje, corregido por estacionalidad, promedio del período | G54: 59.6 | H54: 60.6 | I54: 61.3 | J54: 61.1 | K54: 61.1 | L54: 61.3 | M54: 60.5 | N54: 60 | O54: 59.1 | P54: 57.7 | Q54: 50.4 | R54: 53.1 | S54: 56.5 | T54: 57.6 | U54: 57.4 | V54: . | W54: . | X54: .
C55: Tasa global de participación | F55: Porcentaje, corregido por estacionalidad, promedio del período | G55: 67.7 | H55: 68.1 | I55: 68.6 | J55: 67.8 | K55: 67.4 | L55: 67.5 | M55: 66.9 | N55: 66.4 | O55: 65.7 | P55: 64.8 | Q55: 60.4 | R55: 61.5 | S55: 63.6 | T55: 64.1 | U55: 63.9 | V55: . | W55: . | X55: .
B56: Trece ciudades y áreas metropolitanas
C57: Tasa de desempleo | F57: Porcentaje, corregido por estacionalidad, promedio del período | G57: 12.6 | H57: 11.6 | I57: 11.4 | J57: 10.8 | K57: 10.2 | L57: 10.1 | M57: 10.3 | N57: 11 | O57: 11.1 | P57: 11.5 | Q57: 19.1 | R57: 15.2 | S57: 11.4 | T57: 10.4 | U57: 10.1 | V57: 8.7 | W57: 9 | X57: 10
C58: Tasa de ocupación | F58: Porcentaje, corregido por estacionalidad, promedio del período | G58: 60.9 | H58: 62 | I58: 62.5 | J58: 62.3 | K58: 62.8 | L58: 62.6 | M58: 61.7 | N58: 60.5 | O58: 59.6 | P58: 58.8 | Q58: 50.8 | R58: 53.8 | S58: 58.1 | T58: 59.5 | U58: 59.9 | V58: . | W58: . | X58: .
C59: Tasa global de participación | F59: Porcentaje, corregido por estacionalidad, promedio del período | G59: 69.6 | H59: 70.2 | I59: 70.6 | J59: 69.9 | K59: 69.9 | L59: 69.6 | M59: 68.8 | N59: 67.9 | O59: 67.1 | P59: 66.4 | Q59: 62.7 | R59: 63.5 | S59: 65.5 | T59: 66.3 | U59: 66.7 | V59: . | W59: . | X59: .
A60: Balanza de pagos j/k/
B61: Cuenta corriente (A + B + C) | F61: Millones de dólares | G61: -8583 | H61: -9735 | I61: -11640 | J61: -12365 | K61: -19819 | L61: -18702 | M61: -12587 | N61: -9924 | O61: -14041 | P61: -14809 | Q61: -9267 | R61: -17949 | S61: -20853 | T61: -8283 | U61: -6880 | V61: -10693 | W61: -13731 | X61: .
C62: Porcentaje del PIB | F62: Porcentaje, términos nominales | G62: -3 | H62: -2.9 | I62: -3.1 | J62: -3.2 | K62: -5.2 | L62: -6.3 | M62: -4.4 | N62: -3.2 | O62: -4.2 | P62: -4.6 | Q62: -3.4 | R62: -5.6 | S62: -6 | T62: -2.2 | U62: -1.6 | V62: -2.4 | W62: -2.7 | X62: .
C63: A. Bienes y servicios | F63: Millones de dólares | G63: -2246 | H63: 528 | I63: -1465 | J63: -3250 | K63: -12332 | L63: -19004 | M63: -13451 | N63: -8762 | O63: -10556 | P63: -14148 | Q63: -13105 | R63: -20001 | S63: -16068 | T63: -7766 | U63: -9551 | V63: -14431 | W63: -17926 | X63: .
C64: B. Ingreso primario (renta de los factores) | F64: Millones de dólares | G64: -10996 | H64: -15313 | I64: -15008 | J64: -14002 | K64: -12108 | L64: -5450 | M64: -5312 | N64: -8046 | O64: -11442 | P64: -9716 | Q64: -4950 | R64: -8723 | S64: -17086 | T64: -13439 | U64: -12836 | V64: -12915 | W64: -12908 | X64: .
C65: C. Ingresos secundarios (transferencias corrientes) | F65: Millones de dólares | G65: 4659 | H65: 5051 | I65: 4833 | J65: 4887 | K65: 4622 | L65: 5752 | M65: 6177 | N65: 6883 | O65: 7957 | P65: 9055 | Q65: 8788 | R65: 10775 | S65: 12301 | T65: 12922 | U65: 15507 | V65: 16653 | W65: 17104 | X65: .
B66: Cuenta financiera (A + B + C + D) | F66: Millones de dólares | G66: -9332 | H66: -8707 | I66: -11553 | J66: -11740 | K66: -19292 | L66: -18060 | M66: -12339 | N66: -9625 | O66: -12954 | P66: -13298 | Q66: -8113 | R66: -16693 | S66: -20466 | T66: -7849 | U66: -5577 | V66: . | W66: . | X66: .
C67: Porcentaje del PIB | F67: Porcentaje, términos nominales | G67: -3.3 | H67: -2.6 | I67: -3.1 | J67: -3.1 | K67: -5.1 | L67: -6.1 | M67: -4.4 | N67: -3.1 | O67: -3.9 | P67: -4.1 | Q67: -3 | R67: -5.3 | S67: -5.9 | T67: -2.1 | U67: -1.3 | V67: . | W67: . | X67: .
C68: A. Inversión extranjera (ii - i) | F68: Millones de dólares | G68: -947 | H68: -6227 | I68: -15646 | J68: -8558 | K68: -12270 | L68: -7403 | M68: -9341 | N68: -10011 | O68: -6172 | P68: -10836 | Q68: -5725 | R68: -6381 | S68: -13799 | T68: -15525 | U68: -9172 | V68: . | W68: . | X68: .
D69: i. Extranjera en Colombia (IED) | F69: Millones de dólares | G69: 6430 | H69: 14647 | I69: 15040 | J69: 16210 | K69: 16169 | L69: 11621 | M69: 13858 | N69: 13701 | O69: 11299 | P69: 13989 | Q69: 7459 | R69: 9561 | S69: 17182 | T69: 16794 | U69: 13684 | V69: . | W69: . | X69: .
D70: ii. Colombiana en el exterior | F70: Millones de dólares | G70: 5483 | H70: 8420 | I70: -606 | J70: 7652 | K70: 3899 | L70: 4218 | M70: 4517 | N70: 3690 | O70: 5126 | P70: 3153 | Q70: 1733 | R70: 3181 | S70: 3384 | T70: 1269 | U70: 4512 | V70: . | W70: . | X70: .
C71: B. Inversión de cartera | F71: Millones de dólares | G71: 88 | H71: -6171 | I71: -4769 | J71: -7438 | K71: -11565 | L71: -9091 | M71: -4945 | N71: -1800 | O71: 862 | P71: 24 | Q71: -1768 | R71: -4595 | S71: 427 | T71: 8663 | U71: 2272 | V71: . | W71: . | X71: .
C72: C. Otra inversión (préstamos, otros créditos y derivados) | F72: Millones de dólares | G72: -11615 | H72: -51 | I72: 3457 | J72: -2690 | K72: 106 | L72: -1981 | M72: 1781 | N72: 1641 | O72: -8831 | P72: -5820 | Q72: -4949 | R72: -6371 | S72: -7665 | T72: -2705 | U72: -2270 | V72: . | W72: . | X72: .
C73: D. Activos de reserva | F73: Millones de dólares | G73: 3142 | H73: 3742 | I73: 5406 | J73: 6946 | K73: 4437 | L73: 415 | M73: 165 | N73: 545 | O73: 1187 | P73: 3333 | Q73: 4328 | R73: 654 | S73: 571 | T73: 1718 | U73: 3593 | V73: . | W73: . | X73: .
B74: Errores y omisiones (E Y O) | F74: Millones de dólares | G74: -749 | H74: 1027 | I74: 87 | J74: 626 | K74: 526 | L74: 643 | M74: 247 | N74: 299 | O74: 1087 | P74: 1510 | Q74: 1153 | R74: 1256 | S74: 387 | T74: 435 | U74: 1303 | V74: . | W74: . | X74: .
A75: Tasas de interés
B76: Tasa de interés de política l/ | F76: Porcentaje, promedio del período | G76: 3.2 | H76: 4 | I76: 5 | J76: 3.4 | K76: 3.9 | L76: 4.7 | M76: 7.1 | N76: 6.1 | O76: 4.4 | P76: 4.3 | Q76: 2.9 | R76: 1.9 | S76: 7.2 | T76: 13 | U76: 11.4 | V76: 9.3 | W76: . | X76: .
B77: Tasa de interés de política esperada por analistas m/ | F77: Porcentaje, promedio del período | W77: 10.5 | X77: 10.6
B78: IBR overnight | F78: Porcentaje, promedio del período | G78: 3.2 | H78: 4.1 | I78: 5 | J78: 3.4 | K78: 3.8 | L78: 4.7 | M78: 7.1 | N78: 6.1 | O78: 4.3 | P78: 4.3 | Q78: 2.9 | R78: 1.9 | S78: 7.2 | T78: 13 | U78: 11.4 | V78: 9.3 | W78: . | X78: .
B79: Tasa de interés comercial n/ | F79: Porcentaje, promedio del período | G79: 7.6 | H79: 9 | I79: 10.3 | J79: 8.7 | K79: 8.7 | L79: 9.4 | M79: 12.8 | N79: 11.1 | O79: 9.3 | P79: 8.8 | Q79: 7.4 | R79: 6.2 | S79: 13.3 | T79: 18.7 | U79: 14.5 | V79: 12.5 | W79: . | X79: .
B80: Tasa de interés de consumo o/ | F80: Porcentaje, promedio del período | G80: 18 | H80: 18.2 | I80: 19.2 | J80: 17.9 | K80: 17.3 | L80: 17.2 | M80: 19.2 | N80: 19.4 | O80: 17.9 | P80: 16.5 | Q80: 15 | R80: 14.3 | S80: 21.1 | T80: 27.9 | U80: 21.7 | V80: 19.1 | W80: . | X80: .
B81: Tasa de interés hipotecaria p/ | F81: Porcentaje, promedio del período | G81: 13.1 | H81: 13 | I81: 13.2 | J81: 11.1 | K81: 11.1 | L81: 11 | M81: 12.4 | N81: 11.6 | O81: 10.6 | P81: 10.4 | Q81: 10.1 | R81: 9.1 | S81: 12.9 | T81: 17.7 | U81: 13.5 | V81: 12.1 | W81: . | X81: .
A82: Nota: los valores en negrilla corresponden a una proyección o supuesto.
A83: daec: desestacionalizado y ajustado por efectos calendario.
A84: a/ Los datos trimestrales en negrilla corresponden a un supuesto construido con base en la proyección anual de cada variable.
A85: b/ Se cálcula con los principales socios comerciales (sin Venezuela) ponderados por su participación en el comercio.
A86: c/ Índice de términos de intercambio según índices encadenados de precios de exportación e importación.
A87: d/ El pronóstico de mediano plazo corresponde al promedio de las estimaciones obtenidas con los modelos centrales del equipo técnico (4GM-LM y Patacon).
A88: e/ Cálculos del Banco de la República; excluye la división del IPC de Alimentos y bebidas no alcohólicas. Consultar González, E.; Hernández, R.; Caicedo, E.; Martínez-Cortés, N.; Grajales, A.; Romero, J. (2020). “Nueva clasificación del Banrep de la canasta del IPC y revisión de las medidas de inflación básica en Colombia”, Borradores de Economía, núm. 122, Banco de la República, disponible en: https://investiga.banrep.gov.co/es/be-1122.
A89: f/ Cálculos del Banco de la República; igual a la división del IPC de Alimentos y bebidas no alcohólicas producida por el DANE (no incluye las subclases correspondientes a las comidas fuera del hogar). Consultar González, E.; Hernández, R.; Caicedo, E.; Martínez-Cortés, N.; Grajales, A.; Romero, J. (2020). “Nueva clasificación del Banrep de la canasta del IPC y revisión de las medidas de inflación básica en Colombia”, Borradores de Economía, núm. 122, Banco de la República, disponible en: https://investiga.banrep.gov.co/es/be-1122.
A90: g/ Cálculos del Banco de la República. Consultar González, E.; Hernández, R.; Caicedo, E.; Martínez-Cortés, N.; Grajales, A.; Romero, J. (2020). “Nueva clasificación del Banrep de la canasta del IPC y revisión de las medidas de inflación básica en Colombia”, Borradores de Economía, núm. 122, Banco de la República, disponible en: https://investiga.banrep.gov.co/es/be-1122.
A91: h/ La estimación histórica de la brecha se calcula a partir de la diferencia entre el PIB observado (acumulado 4 trimestres) y el PIB potencial (tendencial; acumulado 4 trimestres) que resulta del modelo 4GM-LM; en el pronóstico se calcula a partir de la diferencia entre la estimación del PIB del equipo técnico (acumulado 4 trimestres) y el PIB potencial (tendencial; acumulado 4 trimestres) que resulta del modelo 4GM-LM.
A92: i/ Se cálculan las tasas con base en las poblaciones anuales desestacionalizadas.
A93: j/ Los resultados presentados siguen las recomendaciones de la versión sexta del manual de balanza de pagos propuesta por el FMI. Consulte información adicional y los cambios metodológicos en http://www.banrep.gov.co/balanza-pagos.
... A99: p/ Corresponde al promedio ponderado por monto de la tasa de interés de los desembolsos en pesos y en UVR para la adquisición de vivienda No VIS

Sheet VISITAS
A1: POBLACIÓN | B1: MUESTRA
A2: 0 | B2: =ROUND((A2*1.96^2*0.5*0.5)/((0.05^2*(A2-1))+(1.96^2*0.5*0.5)),0) -> 0
A3: VALOR VISITAS
A5: ORIGEN
A6: DESTINO | D6: OPCIÓN 1 | F6: OPCIÓN 2 | H6: OPCIÓN 3
B7: DEPARTAMENTO | C7: CIUDAD CAPITAL | D7: TEMPORADA BAJA | E7: TEMPORADA ALTA | F7: TEMPORADA BAJA | G7: TEMPORADA ALTA | H7: TEMPORADA BAJA | I7: TEMPORADA ALTA | J7: PROMEDIO BAJA | K7: PROMEDIO ALTA | L7: PROMEDIO TOTAL
B8: ARAUCA | C8: ARAUCA | D8: 100 | E8: 150 | F8: 450 | G8: 850 | H8: 450 | I8: 1000 | J8: =+AVERAGE(D8,F8,H8) -> 333.33333 | K8: =+AVERAGE(E8,G8,I8) -> 666.66667 | L8: =+AVERAGE(J8:K8) -> 500
B9: ANTIOQUIA | C9: MEDELLIN | J9: =+AVERAGE(D9,F9,H9) -> #DIV/0! | K9: =+AVERAGE(E9,G9,I9) -> #DIV/0! | L9: =+AVERAGE(J9:K9) -> #DIV/0!
B10: ATLANTICO | C10: BARRANQUILLA | J10: =+AVERAGE(D10,F10,H10) -> #DIV/0! | K10: =+AVERAGE(E10,G10,I10) -> #DIV/0! | L10: =+AVERAGE(J10:K10) -> #DIV/0!
B11: BOLIVAR | C11: CARTAGENA | J11: =+AVERAGE(D11,F11,H11) -> #DIV/0! | K11: =+AVERAGE(E11,G11,I11) -> #DIV/0! | L11: =+AVERAGE(J11:K11) -> #DIV/0!
B12: BOYACA | C12: TUNJA | J12: =+AVERAGE(D12,F12,H12) -> #DIV/0! | K12: =+AVERAGE(E12,G12,I12) -> #DIV/0! | L12: =+AVERAGE(J12:K12) -> #DIV/0!
B13: CALDAS | C13: MANIZALES | J13: =+AVERAGE(D13,F13,H13) -> #DIV/0! | K13: =+AVERAGE(E13,G13,I13) -> #DIV/0! | L13: =+AVERAGE(J13:K13) -> #DIV/0!
B14: CAQUETA | C14: FLORENCIA | J14: =+AVERAGE(D14,F14,H14) -> #DIV/0! | K14: =+AVERAGE(E14,G14,I14) -> #DIV/0! | L14: =+AVERAGE(J14:K14) -> #DIV/0!
B15: CASANARE | C15: YOPAL | J15: =+AVERAGE(D15,F15,H15) -> #DIV/0! | K15: =+AVERAGE(E15,G15,I15) -> #DIV/0! | L15: =+AVERAGE(J15:K15) -> #DIV/0!
B16: CAUCA | C16: POPAYAN | J16: =+AVERAGE(D16,F16,H16) -> #DIV/0! | K16: =+AVERAGE(E16,G16,I16) -> #DIV/0! | L16: =+AVERAGE(J16:K16) -> #DIV/0!
B17: CESAR | C17: VALLEDUPAR | J17: =+AVERAGE(D17,F17,H17) -> #DIV/0! | K17: =+AVERAGE(E17,G17,I17) -> #DIV/0! | L17: =+AVERAGE(J17:K17) -> #DIV/0!
B18: CHOCO | C18: QUIBDO | J18: =+AVERAGE(D18,F18,H18) -> #DIV/0! | K18: =+AVERAGE(E18,G18,I18) -> #DIV/0! | L18: =+AVERAGE(J18:K18) -> #DIV/0!
B19: CORDOBA | C19: MONTERIA | J19: =+AVERAGE(D19,F19,H19) -> #DIV/0! | K19: =+AVERAGE(E19,G19,I19) -> #DIV/0! | L19: =+AVERAGE(J19:K19) -> #DIV/0!
B20: BOGOTA D.C. | C20: BOGOTA | J20: =+AVERAGE(D20,F20,H20) -> #DIV/0! | K20: =+AVERAGE(E20,G20,I20) -> #DIV/0! | L20: =+AVERAGE(J20:K20) -> #DIV/0!
... B40: VAUPES | C40: MITU | J40: =+AVERAGE(D40,F40,H40) -> #DIV/0! | K40: =+AVERAGE(E40,G40,I40) -> #DIV/0! | L40: =+AVERAGE(J40:K40) -> #DIV/0!
